Workbook
Name ______SEC1200: #REF!
Name ___SEC1200: #REF!
Name _SEC1200: #REF!
Name _Toc67999085: works!$A$2
Name VO1_ch133: #REF!

Sheet works
A1: BID NO. : 8/2/RNM0398
A2: CONSTRUCTION OF THE MUNICIPAL VEHICLE POUND – WARD 17
A3: RAY NKONYENI MUNICIPALITY
A9: Bill of Quantities
C15: SECTION A BUILDINGS, ELECTRICAL & MECHANICAL WORKS
C26: For further clarification : all activities for each item shall be as described in the relevant SANS 1200 pay items | D26: For further clarification : all activities for each item shall be as described in the relevant SANS 1200 pay items | E26: For further clarification : all activities for each item shall be as described in the relevant SANS 1200 pay items | F26: For further clarification : all activities for each item shall be as described in the relevant SANS 1200 pay items
C27: For further clarification : all activities for each item shall be as described in the relevant SANS 1200 pay items | D27: For further clarification : all activities for each item shall be as described in the relevant SANS 1200 pay items | E27: For further clarification : all activities for each item shall be as described in the relevant SANS 1200 pay items | F27: For further clarification : all activities for each item shall be as described in the relevant SANS 1200 pay items
C28: For further clarification : all activities for each item shall be as described in the relevant SANS 1200 pay items | D28: For further clarification : all activities for each item shall be as described in the relevant SANS 1200 pay items | E28: For further clarification : all activities for each item shall be as described in the relevant SANS 1200 pay items | F28: For further clarification : all activities for each item shall be as described in the relevant SANS 1200 pay items
C29: For further clarification : all activities for each item shall be as described in the relevant SANS 1200 pay items | D29: For further clarification : all activities for each item shall be as described in the relevant SANS 1200 pay items | E29: For further clarification : all activities for each item shall be as described in the relevant SANS 1200 pay items | F29: For further clarification : all activities for each item shall be as described in the relevant SANS 1200 pay items
A61: 1
A70: BID NO. : 8/2/RNM0166
A71: CONSTRUCTION OF THE MUNICIPAL VEHICLE POUND – WARD 17
A72: RAY NKONYENI MUNICIPALITY
A78: Bill of Quantities
C84: SECTION C CIVIL WORKS
C95: For further clarification : all activities for each item shall be as described in the relevant COLTO 1998 pay items | D95: For further clarification : all activities for each item shall be as described in the relevant SANS 1200 pay items | E95: For further clarification : all activities for each item shall be as described in the relevant SANS 1200 pay items | F95: For further clarification : all activities for each item shall be as described in the relevant SANS 1200 pay items
C96: For further clarification : all activities for each item shall be as described in the relevant SANS 1200 pay items | D96: For further clarification : all activities for each item shall be as described in the relevant SANS 1200 pay items | E96: For further clarification : all activities for each item shall be as described in the relevant SANS 1200 pay items | F96: For further clarification : all activities for each item shall be as described in the relevant SANS 1200 pay items
C97: For further clarification : all activities for each item shall be as described in the relevant SANS 1200 pay items | D97: For further clarification : all activities for each item shall be as described in the relevant SANS 1200 pay items | E97: For further clarification : all activities for each item shall be as described in the relevant SANS 1200 pay items | F97: For further clarification : all activities for each item shall be as described in the relevant SANS 1200 pay items
C98: For further clarification : all activities for each item shall be as described in the relevant SANS 1200 pay items | D98: For further clarification : all activities for each item shall be as described in the relevant SANS 1200 pay items | E98: For further clarification : all activities for each item shall be as described in the relevant SANS 1200 pay items | F98: For further clarification : all activities for each item shall be as described in the relevant SANS 1200 pay items
A126: 1

Sheet pg1
A1: =+works!A1 -> BID NO. : 8/2/RNM0398
A2: =+works!A2 -> CONSTRUCTION OF THE MUNICIPAL VEHICLE POUND – WARD 17
A3: =+works!A3 -> RAY NKONYENI MUNICIPALITY
A5: Item | B5: Payment | C5: Item Description | D5: Unit | E5: Quantities | F5: Rate | G5: Amount
A6: number | B6: reference | G6: Rands.cents
B7: SANS | C7: Schedule 1
B8: 1200 | C8: Preliminary and general
C10: Preliminary financial implications
A12: 1.1 | C12: Fixed charge items
A14: 1.1.1 | B14: A8.3.1 | C14: Contractual requirements affecting the Contractor | D14: sum | E14: 1
B15: A8.3.2 | C15: The Contractor to provide the following items or as amended in the Tender
C16: Document :
A17: 1.1.2 | B17: A8.3.2.1c | C17: Name board (2 number) as specified in the Tender Document | D17: sum | E17: 1
A18: 1.1.3 | B18: A8.3.2.1a | C18: Furnished office for the Engineer's use (see item PSAB3.2 in the document) | D18: sum | E18: 1
A19: 1.1.4 | B19: PSAB 5.5 | C19: Survey assistant as & when required by the Engineer | D19: sum | E19: 1
A20: 1.1.5 | B20: PSAB 5.6 | C20: Survey equipment as & when required by the Engineer | D20: sum | E20: 1
A21: 1.1.6 | B21: A8.3.2.1b | C21: Telephone facilities for the Engineer | D21: Prov | E21: 1 | F21: 22000 | G21: =+E21*F21 -> 22000
A22: 1.1.7 | B22: A8.3.2.2a | C22: Offices & storage facilities for the Contractor | D22: sum | E22: 1
A23: 1.1.8 | B23: A8.3.2.2b | C23: Workshops for the Contractor as required by The Contract | D23: sum | E23: 1
A24: 1.1.9 | B24: A8.3.2.2d | C24: Living accommodations for the Contractor's personnel | D24: sum | E24: 1
A25: 1.1.10 | B25: A8.3.2.2e | C25: Ablution & latrine facilities for the Contractor's personnel | D25: sum | E25: 1
A26: 1.1.11 | B26: A8.3.2.2f | C26: Supply tools & equipment as required by The Contract | D26: sum | E26: 1
A27: 1.1.12 | B27: A8.3.2.2g | C27: Water, electricity & communications as required by The Contract | D27: sum | E27: 1
C28: Other obligations by the Contractor :
A29: 1.1.13 | B29: A8.3.2.2h | C29: Deal with rain and/or ground water in all type of excavations on site as | D29: sum | E29: 1
C30: described in SANS 1200 A section 5.5 (All compensations are to be
C31: included only in this payment item)
A32: 1.1.14 | B32: A8.3.3 | C32: Other fixed charge obligations by the Contractor | D32: sum | E32: 1
A33: 1.1.15 | B33: A8.8.1 | C33: Establish access road to site where it is necessary & maintain | D33: sum | E33: 1
A34: 1.1.16 | B34: A8.3.3 | C34: Provision for traffic control as requested by the Engineer | D34: sum | E34: 1
A35: 1.1.17 | B35: A8.3.4 | C35: Removal of site establishment | D35: sum | E35: 1
A37: 1.2 | C37: Time related items | I37: Certificate 0 date
I38: 44155 | J38: 44133 | K38: Start date
A39: 1.2.1 | B39: A8.4.1 | C39: Contractual requirements on a monthly bases affecting the Contractor | D39: sum | E39: 1 | I39: Time spent | J39: 44285 | K39: End date
C40: The Contractor to maintain the following items & other obligations for the | I40: =ROUNDUP((+(I38-J38)/30),2) -> 0.74 | J40: =ROUNDUP(((+J39-J38)/30),2) -> 5.07 | K40: Duration
C41: duration of the Contract : | I41: =ROUND((I40/J40),4) -> 0.146 | J41: to time related items
A42: 1.2.2 | B42: A8.4.2.1 | C42: All facilities on the site for the Engineer | D42: sum | E42: 1
A43: 1.2.3 | B43: A8.4.2.2 | C43: All facilities on the site for the Contractor | D43: sum | E43: 1
A44: 1.2.4 | B44: A8.4.3 | C44: Full time supervision of the site as specified in the Tender Document | D44: sum | E44: 1
A45: 1.2.5 | B45: A8.4.4 | C45: Company & head office administration costs pertaining to the Contract | D45: sum | E45: 1
A46: 1.2.6 | B46: A8.4.5 | C46: Other time related obligations by the Contractor | D46: sum | E46: 1
A48: 1.3 | C48: Provisional sums by the Engineer
A50: 1.3.1 | B50: A8.5a | C50: Provisional sum for various tests requested by the Engineer - other than the | D50: Prov | E50: 1 | F50: 11000 | G50: =+E50*F50 -> 11000
C51: tests that are required to do by the Contractor under the various SANS 1200
C52: pay items (refer to the relevant SANS 1200 testing requirements for the
C53: various work activities)
A54: 1.3.2 | B54: A8.5a | C54: Provisional sum for supply of computers | D54: Prov | E54: 1 | F54: 22000 | G54: =+E54*F54 -> 22000
A55: 1.3.3 | B55: PSA5.10.1 | C55: Provisional sum for community involvement/CLO payment | D55: Prov | E55: 1 | F55: 44000 | G55: =+E55*F55 -> 44000
A56: 1.3.4 | B56: PSA5.10.3 | C56: Provisional sum for accredited training of local labour by specialist | D56: Prov | E56: 1 | F56: 11000 | G56: =+E56*F56 -> 11000
A57: 1.3.5 | B57: A8.5b | C57: Contractor's overhead and profit on Item 1.3.1 to 1.3.4 | D57: % | F57: =SUM(F49:F56) -> 88000
C58: (Note : provisional sums shall be authorized only by the Engineer)
A59: =C7&" total carried to summary page" -> Schedule 1 total carried to summary page
A61: =+works!A61+1 -> 2

Sheet ohs1
A1: =+works!A1 -> BID NO. : 8/2/RNM0398
A2: =+works!A2 -> CONSTRUCTION OF THE MUNICIPAL VEHICLE POUND – WARD 17
A3: =+works!A3 -> RAY NKONYENI MUNICIPALITY
A5: Item | B5: Payment | C5: Item Description | D5: Unit | E5: Quantities | F5: Rate | G5: Amount
A6: number | B6: reference | G6: Rands.cents
B7: SANS | C7: Schedule 2
B8: 1 200 | C8: Occupational health and safety requirements | I8: % applied to H&S
I10: 0.035
A12: 2.1 | C12: Notification of Construction work
C14: Quantities are re-measurable- proof shall be supplied by the Contractor of the
C15: quantities claimed
A16: 2.1.1 | C16: Notification of Construction work to the Provincial Director as requested by | D16: no | E16: 1
C17: the Engineer under the Construction Regulations of the Occupational
C18: health & Safety (Regulation 3) Act no. 85/1993
A20: 2.2 | C20: Health and safety plan
A22: 2.2.1 | C22: Setting up a job and site specific Health and Safety Plan by the | D22: no | E22: 1
C23: representative of the Contractor and approved by the Engineer as required
C24: under the Construction Regulations (Regulation 5) of the Occupational
C25: Health & Safety Act no. 85/1993
A27: 2.3 | C27: Health and safety main file
A29: 2.3.1 | C29: Setting up a job and site specific Health & Safety Main file as requested by | D29: no | E29: 1
C30: the Engineer under the Construction Regulations (Regulation 5) of the
C31: Occupational Health & Safety Act no. 85/1993 (one off item)
C32: File to be a lever arch file with original colour document of acceptable
C33: standards including dividers. Emergency telephone numbers to be displayed
C34: on back of file. The file will be expanded during the project as and when
C35: required by the Client
C36: The file to include all sections as specified by the H&S Specifications
C37: attached to the bid document
C38: NOT TO BE REMOVED FROM SITE
A40: 2.4 | C40: Health & safety register file
A42: 2.4.1 | C42: Setting up a job and site specific Health & Safety Register File as requested | D42: no | E42: 1
C43: by the Engineer under the Construction Regulations (Regulation 5) of the
C44: Occupational Health & Safety Act no. 85/1993
C45: File to be a lever arch file with original colour document of acceptable
C46: standards including dividers.
C47: NOT TO BE REMOVED FROM SITE
A49: 2.5 | C49: Health & Safety training file
A51: 2.5.1 | C51: Setting up a job and site specific Health & Safety Training File as requested | D51: no | E51: 1
C52: by the Engineer under the Construction Regulations (Regulation 5) of the
C53: Occupational Health & Safety Act no. 85/1993
C54: File to be a lever arch file with original colour document of acceptable
C55: standards including dividers.
C56: NOT TO BE REMOVED FROM SITE
A59: =+'ohs2'!A61:G61 -> 4
A61: =+'pg1'!A61:G61+1 -> 3

Sheet ohs2
A1: =+works!A1 -> BID NO. : 8/2/RNM0398
A2: =+works!A2 -> CONSTRUCTION OF THE MUNICIPAL VEHICLE POUND – WARD 17
A3: =+works!A3 -> RAY NKONYENI MUNICIPALITY
A5: Item | B5: Payment | C5: Item Description | D5: Unit | E5: Quantities | F5: Rate | G5: Amount
A6: number | B6: reference | G6: Rands.cents
B7: SANS | C7: Schedule 2 continued
B8: 1 200 | C8: =+'ohs1'!C8 -> Occupational health and safety requirements | I8: % applied to H&S
A10: =+'ohs1'!A61:G61 -> 3 | I10: =+'ohs1'!I10 -> 0.035
A12: 2.6 | C12: Service Provider appointments
A14: 2.6.1 | C14: One off lump sum amount for the appointment of a competent person to | D14: Lsum | E14: 1
C15: perform risk assessment and training on site under Construction
C16: Regulations (Regulation 7) of the Occupational Health & Safety Act no.
C17: 85/1993
A19: 2.7 | C19: Training on site
A21: 2.7.1 | C21: One off lump sum monetary allowance for the salary for the H&S | D21: Lsum | E21: 1
C22: representative as required by law for the duration of the project for training
C23: (indicate the amount to be paid for the duration of the Contract - this is
C24: NOT a monthly repeatable amount)
C25: The H&S Representative to perform the following :
C26: H&S duties on site
C27: Appointee to be permanently on site and under supervision of
C28: Contractor's Site Supervisor. Appointment to be for the duration of the
C29: Contract. Induction training of all workers of Sub-Contractors.
C30: Public awareness training.
C31: Toolbox talks on environmental awareness
C32: First aid awareness
C33: Fire fighting awareness
... C39: Community training
A41: 2.8 | C41: First aid equipment
C43: Supply, install/construct the following items :
A44: 2.8.1 | C44: First aid box the Contractor | D44: no | E44: 1
A45: 2.8.2 | C45: First aid boxes for Sub-Contractors if applicable | D45: no | E45: 1
A46: 2.8.3 | C46: Stretcher by the Contractor | D46: no | E46: 1
A48: 2.9 | C48: Fire fighting equipment
C50: Supply, install/construct the following items :
A51: 2.9.1 | C51: Fire extinguishers by the Contractor | D51: no | E51: 2
A52: 2.9.2 | C52: Fire extinguishers for Sub-Contractors if applicable | D52: no | E52: 2
A53: 2.9.3 | C53: Fire extinguishers test certificate for the Contractor | D53: no | E53: 4
A54: 2.9.4 | C54: Fire extinguishers test certificate for Sub-Contractors | D54: no | E54: 4
A59: =+'ohs3'!A61:G61 -> 5
A61: =+'ohs1'!A61:G61+1 -> 4

Sheet ohs3
A1: =+works!A1 -> BID NO. : 8/2/RNM0398
A2: =+works!A2 -> CONSTRUCTION OF THE MUNICIPAL VEHICLE POUND – WARD 17
A3: =+works!A3 -> RAY NKONYENI MUNICIPALITY
A5: Item | B5: Payment | C5: Item Description | D5: Unit | E5: Quantities | F5: Rate | G5: Amount
A6: number | B6: reference | G6: Rands.cents
B7: SANS | C7: =+'ohs2'!C7 -> Schedule 2 continued
B8: 1 200 | C8: =+'ohs2'!C8 -> Occupational health and safety requirements | I8: % applied to H&S
A10: =+'ohs2'!A61:G61 -> 4 | I10: =+'ohs1'!I10 -> 0.035
A12: 2.10 | C12: Personal protective clothing
A14: 2.10.1 | C14: One off lump sum allowance for the cost of the following PPE as required on | D14: Lsum | E14: 1
C15: site, for the contractor's permanent work force for the duration of the Contract
C16: (number of each type of item to be determined by the Tenderer - applied for
C17: the duration of the whole Contract, inclusive of all items such as hard hats,
C18: safety shoes, dust masks, safety goggles, gum boots, overalls, hand gloves,
C19: etc.)
C20: (indicate the amount to be paid for the duration of the Contract - this is
C21: NOT a monthly repeatable amount)
A22: 2.10.2 | C22: One off lump sum allowance for the cost of the following PPE as required on | D22: Lsum | E22: 1
C23: site, for the contractor temporary work force from the local population as
C24: recommended/requested by the Client/Engineer for the duration of the
C25: Contract /:in the region of up to ± 20, largely unskilled local employees:/
C26: (number of each type of item to be determined by the Tenderer - applied for
C27: the duration of the whole Contract, inclusive of all items such as hard hats,
C28: safety shoes, dust masks, safety goggles, gum boots, overalls, hand gloves,
C29: etc.)
C30: (indicate the amount to be paid for the duration of the Contract - this is
C31: NOT a monthly repeatable amount)
A33: 2.11 | C33: Chemical toilets
C35: Supply, install/construct the following items :
C36: required chemicals, paper etc. as required for the duration of the Contract.
C37: Separate toilets to be designated for male & female workers)
A39: 2.12 | C39: Eating facilities
C41: Supply, install/construct the following items :
A42: 2.12.1 | C42: One off allowance for eating facilities on site in the form of a shaded net | D42: Lsum | E42: 1
C43: with table and chairs
A45: 2.13 | C45: Warning & Information Signs
C47: Supply, install/construct the following items :
A48: 2.13.1 | C48: Signboards to be displayed on site as required: | D48: Lsum | E48: 1
C49: (including signs such as SMI board, No Entry, First Aid, Fire Equipment,
C50: Various warnings, Traffic Control, Fire siren, Name boards on vehicles etc.)
A52: 2.14 | C52: Medical tests
C54: A medically qualified person to perform medical tests on all workers
A55: 2.14.1 | C55: Once off allowance for medical tests performed to all workers in all activities | D55: Lsum | E55: 1
C56: related to this project as stipulated in the prevailing Occupational Health &
C57: Safety Act no 85/1993 (this item includes: a.) the work entry medical
C58: examination and b.) after contract termination's medical examination)
A59: =+'ohs4'!A61:G61 -> 6
A61: =+'ohs2'!A61:G61+1 -> 5

Sheet ohs4
A1: =+works!A1 -> BID NO. : 8/2/RNM0398
A2: =+works!A2 -> CONSTRUCTION OF THE MUNICIPAL VEHICLE POUND – WARD 17
A3: =+works!A3 -> RAY NKONYENI MUNICIPALITY
A5: Item | B5: Payment | C5: Item Description | D5: Unit | E5: Quantities | F5: Rate | G5: Amount
A6: number | B6: reference | G6: Rands.cents
B7: SANS | C7: =+'ohs3'!C7 -> Schedule 2 continued
B8: 1 200 | C8: =+'ohs3'!C8 -> Occupational health and safety requirements | I8: % applied to H&S
A10: =+'ohs3'!A61:G61 -> 5 | I10: =+'ohs1'!I10 -> 0.035
A12: 2.14 | C12: Medical tests
C14: A medically qualified person to perform medical tests on all workers
A15: 2.14.1 | C15: Once off allowance for medical tests performed to all workers in all | D15: Lsum | E15: 1
C16: activities related to this project as stipulated in the prevailing Occupational
C17: Health & Safety Act no 85/1993 (this item includes:
C18: a.) the work entry medical examination and
C19: b.) after contract termination's medical examination)
A21: 2.15 | C21: Barricading & demarcation
C23: Supply, install/construct the following items :
A24: 2.15.1 | C24: Barricading to protect open excavations on site for the duration of the | D24: m | E24: =ROUND((SUM(sum!C$9:C$30)*I10*16%/175),-1) -> 0
C25: Contract (1.8 m high Y standards at 3.5 m intervals with Day-Glo mesh)
A27: 2.16 | C27: COVID-19 Health and Safety Requirements
C29: Supply, install/construct the following items :
C30: Please note that the following items are only a guide and the Contractor should
C31: allow for the quantities he needs according to his risk assessment
C32: Should the Contractor identify any other item required by Covid-19 regulation,
C33: can indicate the item with it's cost implication below
A34: 2.16.1 | C34: COVID-19 related notice boards and posters (required : number & rate) | D34: no | E34: 1
A36: 2.16.2 | C36: All Covid related items as per government regulations & law | D36: no | E36: 1
C37: including but not limited to the following: Cloth face masks, face shields,
C38: non contact thermometers, bleach, hand sanitizer (70% alcohol content),
C39: hands-free sanitizer dispenser stand, paper towels, etc.
A59: ='ohs1'!C7&" total carried to summary page" -> Schedule 2 total carried to summary page
A61: =+'ohs3'!A61:G61+1 -> 6

Sheet wt1
A1: =+works!A1 -> BID NO. : 8/2/RNM0398
A2: =+works!A2 -> CONSTRUCTION OF THE MUNICIPAL VEHICLE POUND – WARD 17
A3: =+works!A3 -> RAY NKONYENI MUNICIPALITY
A5: Item | B5: Payment | C5: Item Description | D5: Unit | E5: Quantities | F5: Rate | G5: Amount
A6: number | B6: reference | G6: Rands.cents
B7: SANS | C7: Schedule 3
B8: 1 200 | C8: Water pipe - earthworks
C9: Refer to drawings : 2312/11/C/2-4 Revision 0
C10: Water pipe trenches & related items
A12: 3.1 | C12: Site clearance
A14: 3.1.1 | B14: DB8.3.1a | C14: General clearance, clearing of vegetation, rubble etc. (including the spoiling | D14: m | E14: =SUM(E28:E28) -> 100
C15: and all haulage of material) for the trench width along the trench lines
A16: 3.1.2 | B16: DB8.3.1c | C16: Remove 150 mm topsoil to the trench width, stock pile & replace it after | D16: m³ | E16: =ROUNDUP((SUM(E28:E28)*1*0.15),0) -> 15
C17: completion of the pipe line (rate includes the maintenance of the stock pile )
A18: 3.1.3 | B18: DB8.3.1b | C18: Remove trees with girth of 0.5 m up to 1.0 m that interfere with the | D18: no | E18: 1
C19: pipe line route (rate shall include the removal of tree stump & all haulage)
A20: 3.1.4 | B20: DB8.3.1b | C20: Remove trees with girth greater than 1.0 m that interfere with the pipe | D20: no | E20: 1
C21: line route (rate shall include the removal of tree stump & all haulage)
A23: 3.2 | C23: Trench excavations
C25: Note : all excavations other than rock requiring blasting will be considered as
C26: soft excavation - all free haul = 10 km unless otherwise stated in the Tender
C27: Document
A28: 3.2.1 | B28: DB8.3.2.a | C28: Trench excavation for 75 mm Ø pipes, 700 mm wide x 1,200 mm deep | D28: m | E28: 100
C29: (rate shall cover the cost of the excavation, backfill, compaction of the
C30: excavation base & the disposal of all surplus material)
A31: 3.2.2 | B31: DB8.3.2.b2 | C31: Extra over for excavation of hard rock material | D31: m³ | E31: =ROUNDUP((E$28*0.7*1.2*5%),0) -> 5
C32: (rate shall cover the cost of blasting, removal & replacement of all material
C33: with all haulage involved)
A34: 3.2.3 | B34: DB8.3.2.b2 | C34: Extra over for excavation in boulder type A & B material | D34: m³ | E34: =ROUNDUP((E$28*0.7*1.2*2.5%),0) -> 3
C35: (rate shall cover the cost of removal & replacement of all material with all
C36: haulage involved)
A37: 3.2.4 | B37: DB8.3.2.c | C37: Extra over for trench excavation items for additional deeper excavations (in | D37: m³ | E37: =ROUNDUP((E$28*0.7*1.2*1%),0) -> 1
C38: any type of material only when requested by the Engineer in charge of the
C39: site - rate shall cover the cost of removal & replacement of all material with
C40: with all haulage involved)
A41: 3.2.5 | B41: DB8.3.4a | C41: Shoring of trenches if requested by the Engineer or the site Safety Agent | D41: m | E41: 50
C42: (Rate shall cover the cost of the supply, placing, maintenance & removal of
C43: any support measures together with any cost from the inconvenience of
C44: working in the supported trench and all the costs of the risks inherent in
C45: the operation)
A47: 3.3 | C47: Protection of existing under ground services
C49: Supply & install all material as required
C50: Protection from damages during construction to existing services crossing the
C51: new trenches (whether or not their presence is known before they're uncovered)
C52: The following items are applicable to SANS DB8.3.5a & b - /-i), -ii), -iii), -iv)/
C53: Note : Exposing services to be made by hand excavation
A54: 3.3.1 | B54: DB8.3.5a | C54: Electrical cables, pipes, sleeves, ducts etc. | D54: no | E54: 1
A55: 3.3.2 | B55: DB8.3.5a | C55: Communication cables, pipes, sleeves, ducts etc. | D55: no | E55: 1
A56: 3.3.3 | B56: DB8.3.5a | C56: Small Ø water & sewer pipes (20 - 63 mm Ø) | D56: no | E56: 5
A57: 3.3.4 | B57: DB8.3.5a | C57: Large Ø water & sewer pipes (75 - 1200 mm Ø) | D57: no | E57: 2
A59: =+'wt2'!A61:G61 -> 8
A61: =+'ohs4'!A61:G61+1 -> 7

Sheet wt2
A1: =+works!A1 -> BID NO. : 8/2/RNM0398
A2: =+works!A2 -> CONSTRUCTION OF THE MUNICIPAL VEHICLE POUND – WARD 17
A3: =+works!A3 -> RAY NKONYENI MUNICIPALITY
A5: Item | B5: Payment | C5: Item Description | D5: Unit | E5: Quantities | F5: Rate | G5: Amount
A6: number | B6: reference | G6: Rands.cents
B7: SANS | C7: Schedule 3 continued
B8: 1 200 | C8: =+'wt1'!C8 -> Water pipe - earthworks
C9: =+'wt1'!C9 -> Refer to drawings : 2312/11/C/2-4 Revision 0
A10: =+'wt1'!A61:G61 -> 7
A12: 3.3.5 | B12: DB8.3.5a | C12: Storm water pipes and culverts of any sizes, channels, drains etc. | D12: no | E12: 5
A13: 3.3.6 | B13: DB8.3.5a | C13: Road side kerbing, edge beams etc. | D13: m | E13: 5
C14: Protection from damages during construction to existing services adjoining the
C15: new trenches (whether or not their presence is known before they're uncovered)
C16: The following items are applicable to SANS DB8.3.5a & b - /-i), -ii), -iii), -iv)/
A17: 3.3.7 | B17: DB8.3.5b | C17: Electrical cables, pipes, sleeves, ducts etc. | D17: m | E17: 10
A18: 3.3.8 | B18: DB8.3.5b | C18: Communication cables, pipes, sleeves, ducts etc. | D18: m | E18: 10
A19: 3.3.9 | B19: DB8.3.5b | C19: Small Ø water & sewer pipes (20 - 63 mm Ø) | D19: m | E19: 10
A20: 3.3.10 | B20: DB8.3.5b | C20: Large Ø water & sewer pipes (75 - 1200 mm Ø) | D20: m | E20: 10
A21: 3.3.11 | B21: DB8.3.5b | C21: Storm water pipes and culverts of any sizes, channels, drains etc. | D21: m | E21: 5
A23: 3.4 | C23: Reinstate road surfaces with all layer courses
A25: 3.4.1 | B25: DB8.3.6.1b | C25: Bitumen surfaced roads with all layers (base, sub base etc. with required | D25: m² | E25: 50
C26: compactions, cutting & replacing surfacing material)
A27: 3.4.2 | B27: DB8.3.6.1d | C27: Paving block surfaced roads with all layers (base, etc. with required | D27: m² | E27: 50
C28: compaction, remove paving blocks, stockpile & re-instate paving blocks)
A29: 3.4.3 | B29: C8.2.5&6 | C29: Remove fences and store material, reinstate fences after completion of the | D29: m | E29: 50
C30: pipe line using removed fence material (rate shall include all materials,
C31: labour & transport involved in these activities - only on instruction of the
C32: Engineer)
A34: 3.5 | C34: Provision for bedding and covering
C36: Note : all supply & haulage are inclusive for the following items
C37: Class B type of bedding & blanket using excavated material from trenches
A38: 3.5.1 | B38: LB8.2.1a | C38: Bedding cradle with granular material compacted to 90 % MOD AASHTO | D38: m³ | E38: =ROUNDUP((SUM('wt1'!E$28:E$28)*0.15*0.7-E$53),0) -> 8
C39: density
A40: 3.5.2 | B40: LB8.2.1b | C40: Blanket with selected fill material, hand compacted to 90 % MOD AASHTO | D40: m³ | E40: =ROUNDUP((SUM('wt1'!E$28:E$28)*0.35*0.7-E$54),0) -> 20
C41: density over & around the pipes
C42: Class B type of bedding & blanket using imported material from borrow pits
A43: 3.5.3 | B43: LB8.2.2.2a | C43: Bedding cradle with granular material compacted to 90 % MOD AASHTO | D43: m³ | E43: =ROUNDUP((SUM('wt1'!E$28:E$28)*0.15*0.7-E$53),0) -> 8
C44: density
A45: 3.5.4 | B45: LB8.2.2.2b | C45: Blanket with selected fill material, hand compacted to 90 % MOD AASHTO | D45: m³ | E45: =ROUNDUP((SUM('wt1'!E$28:E$28)*0.35*0.7-E$54),0) -> 20
C46: density over & around the pipes
C47: Class B type of bedding & blanket using material from commercial sources
A48: 3.5.5 | B48: LB8.2.2.3a | C48: Bedding cradle with granular material compacted to 90 % MOD AASHTO | D48: m³ | E48: =ROUNDUP((SUM('wt1'!E$28:E$28)*0.15*0.7-E$53),0) -> 8
C49: density
A50: 3.5.6 | B50: LB8.2.2.3b | C50: Blanket with selected fill material, hand compacted to 90 % MOD AASHTO | D50: m³ | E50: =ROUNDUP((SUM('wt1'!E$28:E$28)*0.35*0.7-E$54),0) -> 20
C51: density over & around the pipes
C52: Class B type of bedding & blanket using 19 mm crushed stone material
A53: 3.5.7 | B53: LB8.2.2.3a | C53: Bedding cradle with crushed stone material | D53: m³ | E53: =ROUNDUP((SUM('wt1'!E$28:E$28)*0.15*0.7*20%),0) -> 3
A54: 3.5.8 | B54: LB8.2.2.3b | C54: Blanket with crushed stone material | D54: m³ | E54: =ROUNDUP((SUM('wt1'!E$28:E$28)*0.35*0.7*20%),0) -> 5
A59: =+'wt3'!A61:G61 -> 9
A61: =+'wt1'!A61:G61+1 -> 8

Sheet wt3
A1: =+works!A1 -> BID NO. : 8/2/RNM0398
A2: =+works!A2 -> CONSTRUCTION OF THE MUNICIPAL VEHICLE POUND – WARD 17
A3: =+works!A3 -> RAY NKONYENI MUNICIPALITY
A5: Item | B5: Payment | C5: Item Description | D5: Unit | E5: Quantities | F5: Rate | G5: Amount
A6: number | B6: reference | G6: Rands.cents
B7: SANS | C7: =+'wt2'!C7 -> Schedule 3 continued
B8: 1 200 | C8: =+'wt2'!C8 -> Water pipe - earthworks
C9: =+'wt2'!C9 -> Refer to drawings : 2312/11/C/2-4 Revision 0
A10: =+'wt2'!A61:G61 -> 8
A12: 3.6 | C12: Miscellaneous items
B14: DB8.3.4b | C14: Temporary works to control water inflow into the trenches:
A15: 3.6.1 | B15: DB8.3.4b1 | C15: Provide equipment (pump, pipes, etc..) | D15: sum | E15: 1
A16: 3.6.2 | B16: DB8.3.4b2 | C16: Operate and maintain those equipment : | D16: days | E16: 5
A17: 3.6.3 | B17: DB8.3.4b3 | C17: Remove equipment (pump, pipes, etc..) | D17: sum | E17: 1
C18: Borrow pit
A19: 3.6.4 | B19: DB8.3.3.2 | C19: Open up & close down a borrow pit when requested by the Engineer in | D19: sum | E19: 1 | G19: Rate only
C20: charge of the site
C21: Road crossing with pipes
A22: 3.6.5 | B22: DB8.3.3.3 | C22: Compaction in road reserves with 1:10 mix soilcrete where instructed by | D22: m³ | E22: 10
C23: the Engineer
A24: 3.6.6 | B24: L8.2.1 | C24: Supply & lay 300 mm Ø x 50D concrete "Interlocking Joint" sleeve pipes | D24: m | E24: 50
A59: ='wt1'!C7&" total carried to summary page" -> Schedule 3 total carried to summary page
A61: =+'wt2'!A61:G61+1 -> 9

Sheet wm1
A1: =+works!A1 -> BID NO. : 8/2/RNM0398
A2: =+works!A2 -> CONSTRUCTION OF THE MUNICIPAL VEHICLE POUND – WARD 17
A3: =+works!A3 -> RAY NKONYENI MUNICIPALITY
A5: Item | B5: Payment | C5: Item Description | D5: Unit | E5: Quantities | F5: Rate | G5: Amount
A6: number | B6: reference | G6: Rands.cents
B7: SANS | C7: Schedule 4
B8: 1 200 | C8: Water pipes and accessories
C9: =+'wt1'!C9 -> Refer to drawings : 2312/11/C/2-4 Revision 0
C10: Water pipes & related items
A12: 4.1 | C12: Water pipes
C14: Supply, lay and bed the following water pipes complete with couplings on
C15: prepared bedding, joint, incl. cut pipes to length where required (bedding &
C16: blanket are measured elsewhere - testing & disinfection of pipes are included
C17: in the rates)
A18: 4.1.1 | B18: L8.2.1 | C18: 75 mm Ø Class 9 u-PVC Z - lok pipes | D18: m | E18: =+'wt1'!E28 -> 100
A20: 4.2 | C20: Water pipe specials and fittings
C22: Supply & install the following pipe accessories as required, with connections
C23: as described by the manufacturer's specification (all parts & jointing materials
C24: are to be included in the rates)
A25: 4.2.1 | B25: L8.2.2 | C25: 75 mm Ø pipe x 90° socket end PVC bend (PVC Class 9 fittings) | D25: no | E25: 1
A26: 4.2.2 | B26: L8.2.2 | C26: 75 mm Ø pipe x 45° socket end PVC bend (PVC Class 9 fittings) | D26: no | E26: 1
A27: 4.2.3 | B27: L8.2.2 | C27: 75 mm Ø pipe x 22.5° socket end PVC bend (PVC Class 9 fittings) | D27: no | E27: 2
A28: 4.2.4 | B28: L8.2.2 | C28: 75 mm Ø pipe x 11.25° socket end PVC bend (PVC Class 9 fittings) | D28: no | E28: 3
A29: 4.2.5 | B29: L8.2.2 | C29: 110 mm Ø pipe x 45° socket end PVC bend (PVC Class 9 fittings) | D29: no | E29: =1 -> 1
A31: 4.3 | C31: Valves & valve chambers
C33: Supply & install AVK PN10 gate valve, (or similar approved by the Engineer
C34: in charge), complete as described on the relevant drawings for the following
C35: diameters : (all parts & jointing materials are to be included in the rates)
A36: 4.3.1 | B36: L8.2.5 | C36: 75 mm Ø socket end gate valve | D36: no | E36: 2
C37: Construct valve chamber as described on the relevant drawings
A38: 4.3.2 | B38: G8.4.3 | C38: 400 mm x 400 mm x 200 mm block from 25 mPa concrete for valve box top | D38: no | E38: =SUM(E36:E36) -> 2
A39: 4.3.3 | B39: G8.4.3 | C39: 200 mm Ø Class 6 uPVC pipe for AVK valves, ±500 mm long, cut to suit | D39: no | E39: =+E38 -> 2
C40: on site (to enable to reach valves)
A41: 4.3.4 | B41: G8.4.3 | C41: Valve box with blue PVC top pre-cast into 400 mm x 400 mm x 250 mm block | D41: no | E41: =+E38 -> 2
C42: with lockable lid
A43: 4.3.5 | C43: Heavy duty lock with master key | D43: no | E43: =+E38 -> 2
A45: 4.4 | C45: Fire hydrants & hydrant chambers
C47: Construct fire hydrants together with hydrant chambers as described on the
C48: relevant drawings (all parts & jointing materials are to be included in the rates)
A49: 4.4.1 | B49: L8.2.5 | C49: 75 mm Ø x 75 mm Ø flanged/socket end cast Iron hydrant tee | D49: no | E49: 2
A50: 4.4.2 | B50: L8.2.5 | C50: 75 mm Ø flanged galvanized mild steel pipe - ±1,870 mm long (confirm on site) | D50: no | E50: =+E49 -> 2
C51: Pipe to be painted universal undercoat and 2 coats of red coloured oil based
C52: paint, connected to Cast Iron hydrant tee flange
A53: 4.4.3 | B53: L8.2.5 | C53: 80 mm Ø x 65 mm Ø tamper proof pillar post hydrant with instantaneous | D53: no | E53: =+E49 -> 2
C54: outlet
A55: 4.4.4 | B55: G8.4.3 | C55: 500 mm x 500 mm x 250 mm base from 25 Map concrete | D55: no | E55: 2
A56: 4.4.5 | B56: G8.4.3 | C56: 300 mm x 300 mm x 1,150 mm pedestal from 25 Map concrete, to be | D56: no | E56: =+E55 -> 2
C57: painted universal undercoat and 2 coats of yellow coloured oil based paint
A58: 4.4.6 | B58: L8.2.5 | C58: 80mm Diameter flanged two port booster with pressure gauge | D58: no | E58: 1
A59: =+'wm2'!A61:G61 -> 11
A61: =+'wt3'!A61:G61+1 -> 10

Sheet wm2
A1: =+works!A1 -> BID NO. : 8/2/RNM0398
A2: =+works!A2 -> CONSTRUCTION OF THE MUNICIPAL VEHICLE POUND – WARD 17
A3: =+works!A3 -> RAY NKONYENI MUNICIPALITY
A5: Item | B5: Payment | C5: Item Description | D5: Unit | E5: Quantities | F5: Rate | G5: Amount
A6: number | B6: reference | G6: Rands.cents
B7: SANS | C7: Schedule 4 continued
B8: 1 200 | C8: =+'wm1'!C8 -> Water pipes and accessories
C9: =+'wm1'!C9 -> Refer to drawings : 2312/11/C/2-4 Revision 0
A10: =+'wm1'!A61 -> 10
A12: 4.5 | C12: Bulk water meter & meter chamber
C14: Construct bulk water meter assembly together with meter chamber as described
C15: on the relevant drawings
A16: 4.5.1 | B16: LD8.2.3 | C16: 750 mm Ø standard precast manhole rings - 250 mm deep (exact number to be | D16: no | E16: 2
C17: determined on site according to the depth of the pipe line)
A18: 4.5.2 | B18: LD8.2.3 | C18: 860 mm Ø precast concrete adaptor slab complete with access opening | D18: no | E18: 1
A19: 4.5.3 | B19: LD8.2.3 | C19: 560 mm Ø type 4 concrete lid, painted blue | D19: no | E19: 1
A20: 4.5.4 | C20: Locking device for manhole cover | D20: no | E20: 1
A21: 4.5.5 | B21: G8.4.3 | C21: ± 1300 mm x 350 mm x 350 mm anchor block from 25 mPa concrete | D21: no | E21: =ROUNDUP((1.3*0.35*0.35),0) -> 1
A22: 4.5.6 | B22: G8.2.6 | C22: Construct opening in manhole ring wall for pipes (close and make water tight | D22: no | E22: 2
C23: after pipe is installed)
C24: Pipe specials for water meter connection
C25: Supply & install the following galvanized (to SABS EN10240) pipe items :
C26: Pipe items to include complete installation kit, i.e.. bolts, nuts, washers, gaskets
C27: etc. (pipe protection as indicated on the drawing & in the Tender Document)
A28: 4.5.7 | B28: L8.2.2 | C28: 75 mm Ø flanged long barrel flange adaptor between mild steel & uPVC pipes | D28: no | E28: 2
A29: 4.5.8 | B29: L8.2.3 | C29: 80 mm Ø flanged AVK PN10 gate valve (or similar approved by the Engineer) | D29: no | E29: 2
A30: 4.5.9 | B30: L8.2.2 | C30: 80 mm Ø x 90° flanged mild steel medium radius bend | D30: no | E30: 4
A31: 4.5.10 | B31: L8.2.2 | C31: 80 mm Ø flanged mild steel pipe, 300 mm long | D31: no | E31: 2
A32: 4.5.11 | B32: L8.2.2 | C32: 80 mm Ø flanged Thomas unifit dismantling joint | D32: no | E32: 1
A33: 4.5.12 | B33: L8.2.2 | C33: 80 mm Ø flanged Elster Kent Helix H4000 Woltmann type water meter | D33: no | E33: 1
A34: 4.5.13 | C34: 10 mm x 200 mm wide DENSOTAPE wrapping around under ground | D34: m² | E34: 2
C35: Construct valve chamber as described on the relevant drawings
A36: 4.5.14 | B36: G8.4.3 | C36: 400 mm x 400 mm x 200 mm block from 25 mPa concrete for valve box top | D36: no | E36: 2
A37: 4.5.15 | B37: G8.4.3 | C37: 200 mm Ø Class 6 uPVC pipe for AVK valves, ±500 mm long, cut to suit | D37: no | E37: =+E36 -> 2
C38: on site (to enable to reach valves)
A39: 4.5.16 | B39: G8.4.3 | C39: Valve box with blue PVC top pre-cast into 400 mm x 400 mm x 250 mm block | D39: no | E39: =+E36 -> 2
C40: with lockable lid
A41: 4.5.17 | C41: Valve box lock with master key | D41: no | E41: =+E36 -> 2
A43: 4.6 | C43: Ancillary items
C45: Connection to existing, functioning system
A46: 4.6.1 | C46: Connection to existing water supply line as indicated on the relevant drawings | D46: no | E46: 1
C47: (item shall be inclusive of searching out the connection point, all excavation
C48: to allow adequate working space, the cutting into the existing pipe, placing
C49: the required connection items & fittings with the required couplings, the
C50: compaction & backfill of excavated material , making good any shortfall in
C51: filling material or disposal of any excess material if necessary and the
C52: placing of a marker to indicate the position of the connection)
C53: Thrust block construction for pipe works
A54: 4.6.2 | B54: L8.2.11a | C54: Construct anchor thrust blocks and pedestals from 15 Map concrete | D54: no | E54: =SUM('wm1'!E23:E36)+'wm1'!E42 -> 10
C55: (rate shall cover the cost of all additional excavation, trimming, formwork,
C56: reinforcement and finishing of top surfaces as required)
A59: ='wm1'!C7& " total carried to summary page" -> Schedule 4 total carried to summary page
A61: =+'wm1'!A61:G61+1 -> 11

Sheet wm3
A1: =+works!A1 -> BID NO. : 8/2/RNM0398
A2: =+works!A2 -> CONSTRUCTION OF THE MUNICIPAL VEHICLE POUND – WARD 17
A3: =+works!A3 -> RAY NKONYENI MUNICIPALITY
A5: Item | B5: Payment | C5: Item Description | D5: Unit | E5: Quantities | F5: Rate | G5: Amount
A6: number | B6: reference | G6: Rands.cents
B7: SANS | C7: Schedule 4 continued
B8: 1 200 | C8: =+'wm1'!C8 -> Water pipes and accessories
C9: =+'wm1'!C9 -> Refer to drawings : 2312/11/C/2-4 Revision 0
A10: =+'wm2'!A61:G61 -> 11
A12: 4.6.3 | C12: Standard fire hose reel complete with fixing brackets, bolts, nuts etc and | D12: no | E12: 2
C13: attach to steel column as per manufacturer's specifications
A14: 4.6.4 | C14: 30 m long standard fire hose with attachment to fire hose reel, complete | D14: no | E14: 2
A15: 4.6.5 | B15: L8.2.1 | C15: 25 mm Ø galvanized mild steel pipes for fire appliances | D15: m | E15: 30
A16: 4.6.6 | B16: H8.3.1,3,5 | C16: Galvanized mild steel fixing brackets for 25 mm Ø pipes | D16: no | E16: 4
A17: 4.6.7 | B17: L8.2.1 | C17: 40 mm Ø galvanized mild steel pipes for fire appliances | D17: m | E17: 30
A18: 4.6.8 | B18: H8.3.1,3,5 | C18: Galvanized mild steel fixing brackets for 40 mm Ø pipes | D18: no | E18: 4
A19: 4.6.9 | C19: 10 mm x 200 mm wide DENSOTAPE wrapping around under ground | D19: m² | E19: 2
C20: galvanized ms pipes
A59: ='wm1'!C7& " total carried to summary page" -> Schedule 4 total carried to summary page
A61: =+'wm2'!A61:G61+1 -> 12

Sheet st1
A1: =+works!A1 -> BID NO. : 8/2/RNM0398
A2: =+works!A2 -> CONSTRUCTION OF THE MUNICIPAL VEHICLE POUND – WARD 17
A3: =+works!A3 -> RAY NKONYENI MUNICIPALITY
A5: Item | B5: Payment | C5: Item Description | D5: Unit | E5: Quantities | F5: Rate | G5: Amount
A6: number | B6: reference | G6: Rands.cents
B7: SANS | C7: Schedule 5
B8: 1 200 | C8: Sewer pipe - earthworks
C9: Refer to drawings : 2312/11/C/2-4 REv0
C10: Sewer pipe trenches & related items
A12: 5.1 | C12: Site clearance
A14: 5.1.1 | B14: DB8.3.1a | C14: General clearance, clearing of vegetation, rubble etc. (including the spoiling | D14: m | E14: =SUM(E28:E28) -> 100
C15: and all haulage of material) for the trench width along the trench lines
A16: 5.1.2 | B16: DB8.3.1c | C16: Remove 150 mm topsoil to the trench width, stock pile & replace it after | D16: m³ | E16: =ROUND((E14*0.15),0) -> 15
C17: completion of the pipe line (rate includes the maintenance of the stock pile )
A18: 5.1.3 | B18: DB8.3.1b | C18: Remove trees with girth of 0.5 m up to 1.0 m that interfere with the | D18: no | E18: 1
C19: pipe line route (rate shall include the removal of tree stump & all haulage)
A20: 5.1.4 | B20: DB8.3.1b | C20: Remove trees with girth greater than 1.0 m that interfere with the pipe | D20: no | E20: 1
C21: line route (rate shall include the removal of tree stump & all haulage)
A23: 5.2 | C23: Trench excavations
C25: Note : all excavations other than rock requiring blasting will be considered as
C26: soft excavation - all free haul = 10 km unless otherwise stated in the Tender
C27: Document
A28: 5.2.1 | B28: DB8.3.2.a | C28: Trench excavation for 160 mm Ø pipes, 800 mm wide x up to a depth of 2.0 m | D28: m | E28: 100
C29: (Rate shall cover the cost of excavation, backfill, compaction of the
C30: excavation base & the disposal of all surplus material)
A31: 5.2.2 | B31: DB8.3.2.b2 | C31: Extra over for excavation of hard rock material | D31: m³ | E31: =ROUNDUP((E$28*0.8*2*5%),0) -> 8
C32: (rate shall cover the cost of blasting, removal & replacement of all material
C33: with all haulage involved)
A34: 5.2.3 | B34: DB8.3.2.b2 | C34: Extra over for excavation in boulder type A & B material | D34: m³ | E34: =ROUNDUP((E$28*0.8*2*3.5%),0) -> 6
C35: (rate shall cover the cost of removal & replacement of all material with all
C36: haulage involved)
A37: 5.2.4 | B37: DB8.3.2.c | C37: Extra over for trench excavation items for additional deeper excavations (in | D37: m³ | E37: =ROUNDUP((E$28*0.8*2*2%),0) -> 4
C38: any type of material only when requested by the Engineer in charge of the
C39: (Rate shall cover the cost of the supply, placing, maintenance & removal
C40: of any support measures together with any cost from the inconvenience
A41: 5.2.5 | B41: DB8.3.4a | C41: Shoring of trenches as requested by the Engineer or the site Safety Agent | D41: m | E41: 20
C42: (Rate shall cover the cost of the supply, placing, maintenance & removal
C43: of any support measures together with any cost from the inconvenience of
C44: working in the supported trench and all the costs of the risks inherent in
C45: the operation)
A47: 5.3 | C47: Protection of existing under ground services
C49: Supply & install all materials as required
C50: Protection from damages during construction to existing services crossing the
C51: new trenches (whether or not their presence is known before they're uncovered)
C52: The following items are applicable to SANS DB8.3.5a & b - /-i), -ii), -iii), -iv)/
A53: 5.3.1 | B53: DB8.3.5a | C53: Electrical cables, pipes, sleeves, ducts etc. | D53: no | E53: 1
A54: 5.3.2 | B54: DB8.3.5a | C54: Communication cables, pipes, sleeves, ducts etc. | D54: no | E54: 1
A55: 5.3.3 | B55: DB8.3.5a | C55: Small Ø water & sewer pipes (20 - 63 mm Ø) | D55: no | E55: 5 | G55: Rate only
A56: 5.3.4 | B56: DB8.3.5a | C56: Large Ø water & sewer pipes (75 - 1200 mm Ø) | D56: no | E56: 2
A57: 5.3.5 | B57: DB8.3.5a | C57: Storm water pipes and culverts of any sizes, channels, drains etc. | D57: no | E57: 5 | G57: Rate only
A58: 5.3.6 | B58: DB8.3.5a | C58: Road side kerbing, edge beams etc. | D58: m | E58: 5 | G58: Rate only
A59: =+'st2'!A61:G61 -> 14
A61: =+'wm3'!A61:G61+1 -> 13

Sheet st2
A1: =+works!A1 -> BID NO. : 8/2/RNM0398
A2: =+works!A2 -> CONSTRUCTION OF THE MUNICIPAL VEHICLE POUND – WARD 17
A3: =+works!A3 -> RAY NKONYENI MUNICIPALITY
A5: Item | B5: Payment | C5: Item Description | D5: Unit | E5: Quantities | F5: Rate | G5: Amount
A6: number | B6: reference | G6: Rands.cents
B7: SANS | C7: Schedule 5 continued
B8: 1 200 | C8: =+'st1'!C8 -> Sewer pipe - earthworks
C9: =+'st1'!C9 -> Refer to drawings : 2312/11/C/2-4 REv0
A10: =+'st1'!A61:G61 -> 13
A12: 5.5 | C12: Provision for bedding and covering
C14: Note : all supply & haulage are inclusive for the following items
C15: Class B type of bedding & blanket using excavated material from trenches
A16: 5.5.1 | B16: LB8.2.1a | C16: Bedding cradle with granular material compacted to 90 % MOD AASHTO | D16: m³ | E16: =ROUNDUP((SUM('st1'!E$28:E$28)*0.2*0.8-E$31),0) -> 14 | G16: Rate only
C17: density
A18: 5.5.2 | B18: LB8.2.1b | C18: Blanket with selected fill material, hand compacted to 90 % MOD AASHTO | D18: m³ | E18: =ROUNDUP((SUM('st1'!E$28:E$28)*0.4*0.8-E$32),0) -> 28 | G18: Rate only
C19: density over & around the pipes
C20: Class B type of bedding & blanket using imported material from borrow pits
A21: 5.5.3 | B21: LB8.2.2.2a | C21: Bedding cradle with granular material compacted to 90 % MOD AASHTO | D21: m³ | E21: =ROUNDUP((SUM('st1'!E$28:E$28)*0.2*0.8-E$31),0) -> 14
C22: density
A23: 5.5.4 | B23: LB8.2.2.2b | C23: Blanket with selected fill material, hand compacted to 90 % MOD AASHTO | D23: m³ | E23: =ROUNDUP((SUM('st1'!E$28:E$28)*0.4*0.8-E$32),0) -> 28
C24: density over & around the pipes
C25: Class B type of bedding & blanket using material from commercial sources
A26: 5.5.5 | B26: LB8.2.2.3a | C26: Bedding cradle with granular material compacted to 90 % MOD AASHTO | D26: m³ | E26: =ROUNDUP((SUM('st1'!E$28:E$28)*0.2*0.8-E$31),0) -> 14 | G26: Rate only
C27: density
A28: 5.5.6 | B28: LB8.2.2.3b | C28: Blanket with selected fill material, hand compacted to 90 % MOD AASHTO | D28: m³ | E28: =ROUNDUP((SUM('st1'!E$28:E$28)*0.4*0.8-E$32),0) -> 28 | G28: Rate only
C29: density over & around the pipes
C30: Class B type of bedding & blanket using 19 mm crushed stone material
A31: 5.5.7 | B31: LB8.2.2.3a | C31: Bedding cradle with crushed stone material | D31: m³ | E31: =ROUNDUP((SUM('st1'!E$28:E$28)*0.2*0.8*10%),0) -> 2
A32: 5.5.8 | B32: LB8.2.2.3b | C32: Blanket with crushed stone material | D32: m³ | E32: =ROUNDUP((SUM('st1'!E$28:E$28)*0.4*0.8*10%),0) -> 4
A59: ='st1'!C7&" total carried to summary page" -> Schedule 5 total carried to summary page
A61: =+'st1'!A61:G61+1 -> 14

Sheet sm1
A1: =+works!A1 -> BID NO. : 8/2/RNM0398
A2: =+works!A2 -> CONSTRUCTION OF THE MUNICIPAL VEHICLE POUND – WARD 17
A3: =+works!A3 -> RAY NKONYENI MUNICIPALITY
A5: Item | B5: Payment | C5: Item Description | D5: Unit | E5: Quantities | F5: Rate | G5: Amount
A6: number | B6: reference | G6: Rands.cents
B7: SANS | C7: Schedule 6
B8: 1 200 | C8: Sewer pipes and accessories
C9: =+'st1'!C9 -> Refer to drawings : 2312/11/C/2-4 REv0
C10: Sewer pipes & related items
A12: 6.1 | C12: Sewer pipes
C14: Supply, lay and bed the following sewer pipes complete with couplings on
C15: prepared bedding, joint, incl. cut pipes to length where required (bedding &
C16: blanket are measured elsewhere)
A17: 6.1.1 | B17: LD8.2.1 | C17: 160 mm Ø Class 400 heavy duty under ground sewer pipe as per SANS | D17: m | E17: =+'st1'!E28 -> 100
C18: 1601 (one end socket end, other end integral joint)
A20: 6.2 | C20: Sewer manholes
C22: Supply, install/construct the following items :
C23: 1 000 mm Ø pre-cast concrete manholes complete with manhole base,
C24: manhole rings with step irons, 150 mm concrete cover slab and 560 mm Ø
C25: heavy duty concrete lid with steel band for the following depths : (rate shall
C26: cover any additional earthworks, benching, base channels, ring jointing etc.)
A27: 6.2.1 | B27: LD8.2.3 | C27: From 0.0 m up to and including 1.5 m | D27: no | E27: 2
A28: 6.2.2 | B28: LD8.2.3 | C28: From 0.0 m up to and including 2.0 m | D28: no | E28: 2
A30: 6.3 | C30: Sewer erf (yard) connections
C32: Erf connection complete as described on the relevant drawings (all items are
C33: inclusive of all jointing materials)
A34: 6.3.1 | B34: LD8.2.6 | C34: 160 mm Ø x 110 mm Ø x 45° reducing junction (spigot/socket on main line | D34: no | E34: 1
C35: Y junction)
A36: 6.3.2 | B36: LD8.2.6 | C36: 110 mm Ø x 45° plain bend (spigot/socket) | D36: no | E36: =+E$34 -> 1
A37: 6.3.3 | B37: LD8.2.6 | C37: 110 mm Ø x 22.5° plain bend (spigot/socket) | D37: no | E37: =E$34*2 -> 2
A38: 6.3.4 | B38: LD8.2.6 | C38: 110 mm Ø Class 400 heavy duty under ground sewer pipe | D38: m | E38: 30
A39: 6.3.5 | B39: DB8.3.2.a | C39: Trenches for 110 mm Ø pipes, 700 mm wide x 1100 mm deep (in yard | D39: m | E39: =+E38 -> 30
C40: laid - see schedule 5.2 for excavation specifications)
A41: 6.3.6 | B41: LD8.2.6 | C41: 110 mm Ø x 90° plain bend for marker pipe (spigot/socket) | D41: no | E41: =+E$34 -> 1
A42: 6.3.7 | B42: LD8.2.6 | C42: 110 mm Ø Class 400 heavy duty under ground sewer pipe, connected to | D42: no | E42: =+E$34 -> 1
C43: the 90° bend & extending from the ground ±300 mm to serve as temporary
C44: markers (approximately 1200 mm long each)
A45: 6.3.8 | B45: LD8.2.6 | C45: 100 mm Ø cast iron end cap on top of marker pipe (spigot/socket) | D45: no | E45: =+E$34 -> 1
C46: Rodding structure (brick built unit on concrete slab)
A47: 6.3.9 | B47: G8.4.3 | C47: 1130 mm x 1130 mm x 150 mm slab from 20 mPa concrete | D47: no | E47: 3
A48: 6.3.10 | C48: 220 mm thick brick wall on concrete slab, height 2 courses | D48: m² | E48: =ROUNDUP(((1.13*2+0.69*2)*0.17*3),0) -> 2
A49: 6.3.11 | C49: Heavy duty cover & frame, polymer concrete with hinged ductile iron cover | D49: no | E49: 3
A50: 6.3.12 | C50: 1:3 cement mortar bedding & surround on top of the brick wall | D50: m² | E50: =ROUNDUP(((0.22*0.6*2+0.22*0.2*2)*E47),0) -> 2
A59: =C7&" total carried to summary page" -> Schedule 6 total carried to summary page
A61: =+'st2'!A61:G61+1 -> 15

Sheet sm2
A1: =+works!A1 -> BID NO. : 8/2/RNM0398
A2: =+works!A2 -> CONSTRUCTION OF THE MUNICIPAL VEHICLE POUND – WARD 17
A3: =+works!A3 -> RAY NKONYENI MUNICIPALITY
A5: Item | B5: Payment | C5: Item Description | D5: Unit | E5: Quantities | F5: Rate | G5: Amount
A6: number | B6: reference | G6: Rands.cents
B7: SANS | C7: Schedule 6 continued
B8: 1 200 | C8: =+'sm1'!C8 -> Sewer pipes and accessories
C9: =+'sm1'!C9 -> Refer to drawings : 2312/11/C/2-4 REv0
A10: =+'sm1'!A61:G61 -> 15
A12: 6.4 | C12: Ancillary items
C14: Connection to existing, functioning system
A15: 6.4.1 | B15: LD8.2.11 | C15: Connection to existing sewer manholes (item shall be inclusive of | D15: no | E15: 1
C16: searching out the manhole, excavation, to allow adequate working space,
C17: the cutting into the existing pipe, the compaction & backfill of excavated
C18: material)
A59: =C7&" total carried to summary page" -> Schedule 6 continued total carried to summary page
A61: =+'sm1'!A61:G61+1 -> 16

Sheet main1
A1: =+works!A1 -> BID NO. : 8/2/RNM0398
A2: =+works!A2 -> CONSTRUCTION OF THE MUNICIPAL VEHICLE POUND – WARD 17
A3: =+works!A3 -> RAY NKONYENI MUNICIPALITY
A5: Item | B5: Payment | C5: Item Description | D5: Unit | E5: Quantities | F5: Rate | G5: Amount
A6: number | B6: reference | G6: Rands.cents
B7: SANS | C7: Schedule 7
B8: 1 200 | C8: Foundations, columns etc. for main building
C9: Refer to drawings : 3942/S/1 Revision 0
A12: 7.1 | C12: Earthworks
C14: Supply, install & construct the following items :
A15: 7.1.1 | B15: D8.3.2a | C15: Excavate in bulk, use material for backfill and spoil excess and unsuitable | D15: m³ | E15: =ROUNDUP((1.5*1.5*3.5*12+1.75*1.75*3.5*13+2*2*3.5*1),0) -> 248
C16: material for column foundations
C17: Base 1 - 1500 mm x 1500 mm x 3500 mm deep - 12 number
C18: Base 2 - 1750 mm x 1750 mm x 3500 mm deep - 13 number
C19: Base 3 - 2000 mm x 2000 mm x 3500 mm deep - 1 number
A20: 7.1.2 | B20: D8.3.2a | C20: Excavate in bulk, use material for backfill and spoil excess and unsuitable | D20: m³ | E20: =ROUNDUP((150.963*0.51*0.3),0) -> 24
C21: material for ground beams
C22: Note : all excavations other than rock requiring blasting will be considered as
C23: soft excavation - all free haul = 10 km unless otherwise stated in the Tender
C24: Document
A25: 7.1.3 | B25: D8.3.2.(b)2 | C25: Extra over for excavation in hard rock material | D25: m³ | E25: =ROUND((E$15*35%),0) -> 87
C26: (rate shall cover the cost of blasting, removal & replacement of all material
C27: with all haulage involved)
A28: 7.1.4 | B28: D8.3.2.(b)2 | C28: Extra over for excavation in boulder class A & B material | D28: m³ | E28: =ROUND((E$15*15%),0) -> 37
C29: (rate shall cover the cost of removal & replacement of all material with all
C30: haulage involved)
A31: 7.1.5 | B31: D8.3.2(a) | C31: Extra over for the removal of additional unsuitable material | D31: m³ | E31: =ROUND((E$15*5%),0) -> 12
C32: (in any type of material only when requested by the Engineer in charge
C33: of the site - rate shall cover the cost of removal & replacement of all
C34: material with with all haulage involved)
A35: 7.1.6 | B35: D8.3.5 | C35: Extra over excavation for working space | D35: m² | E35: =ROUNDUP((1.5*4*3.5*12+1.75*4*3.5*13+2*4*3.5*1),0)+ROUNDUP((150.96*0.51*2),0) -> 753
C36: (rate shall cover the excavation of an area wide enough for working space)
A37: 7.1.7 | B37: D8.3.4a | C37: Shoring for excavation for up to 3.0 m depth | D37: m² | E37: =ROUNDUP(((1.5*4*3.5*15+1.75*4*3.5*24+2*4*3.5*4+(1.5*2+3*2)*3.5*2+(1.75*2+3.25*2)*3.5*1)*25%),0) -> 279
C38: (Rate shall cover the cost of the supply, placing, maintenance & removal
C39: of any support measures together with any cost from the inconvenience
C40: of working in the supported excavations and all the costs of the risks
C41: inherent in the operation)
A42: 7.1.8 | B42: DM8.3.3.2 | C42: Rip excavated areas and compact to 93 % Mod AASHTO density | D42: m² | E42: =ROUNDUP((1.5*1.5*12+1.75*1.75*13+2*2*1),0) -> 71
A43: 7.1.9 | B43: D8.3.4(a) | C43: Make up deficiency in backfill material by importation of suitable material | D43: m³ | E43: =ROUNDUP((E35*0.6),0) -> 452
C44: approved by the Engineer
A45: 7.1.10 | B45: D8.3.4(a) | C45: 2 x 150 mm thick layer of G5 imported selected gravel material with 95% | D45: m³ | E45: =ROUNDUP(((3.86*3.895+3.86*2.93+3.86*2.895+1.81*3.786+1.81*3.895+1.81*5.075+3.855*1.93+3.855*1.86+3.855*4.99+3.855*3.03+1.895*1.93+1.13*2.11+3.667*1.81+3.667*1.81+5.097*2.93+5.097*3.03+9.252*1.715)*0.15*2),0) -> 52
C46: Mod AASHTO density compaction under the 100 mm thick surface beds
A47: 7.1.11 | B47: D8.3.6 | C47: Additional overhaul above the stipulated free haul distance | D47: m³km | E47: 100
A49: 7.2 | C49: Concrete & related items
C51: Note : The costs of making and testing of 150 mm x 150 mm x 150 mm test
C52: blocks are to be included in the various concrete rates
C53: Supply, install & construct the following items :
A54: 7.2.1 | B54: G8.4.2 | C54: 50 mm thick blinding layer under column foundationss from 15 mPa | D54: m² | E54: =ROUNDUP((1.5*1.5*12+1.75*1.75*13+2*2*1),0) -> 71
C55: concrete
A56: 7.2.2 | B56: G8.4.3 | C56: 300 mm thick column foundations from 25 mPa concrete | D56: m³ | E56: =ROUNDUP((1.5*1.5*0.3*12+1.75*1.75*0.3*13+2*2*0.3*1),0) -> 22
A59: =+main2!A61:G61 -> 18
A61: =+'sm2'!A61:G61+1 -> 17

Sheet main2
A1: =+works!A1 -> BID NO. : 8/2/RNM0398
A2: =+works!A2 -> CONSTRUCTION OF THE MUNICIPAL VEHICLE POUND – WARD 17
A3: =+works!A3 -> RAY NKONYENI MUNICIPALITY
A5: Item | B5: Payment | C5: Item Description | D5: Unit | E5: Quantities | F5: Rate | G5: Amount
A6: number | B6: reference | G6: Rands.cents
B7: SANS | C7: Schedule 7 continued
B8: 1 200 | C8: =+main1!C8 -> Foundations, columns etc. for main building
C9: =+main1!C9 -> Refer to drawings : 3942/S/1 Revision 0
A10: =+main1!A61 -> 17
A12: 7.2.3 | B12: G8.4.3 | C12: 300 mm x 300 mm columns from 30 mPa concrete | D12: m³ | E12: =ROUNDUP((0.3*0.3*2.86*26),0) -> 7
A13: 7.2.4 | B13: G8.4.3 | C13: 300 mm wide x 510 mm deep ground beams from 25 mPa concrete | D13: m³ | E13: =ROUNDUP((150.963*0.51*0.3),0) -> 24
A14: 7.2.5 | B14: G8.4.3 | C14: 100 mm ground floor slab from 25 mPa concrete (including slab thickening) | D14: m³ | E14: =ROUNDUP(((3.86*3.895+3.86*2.93+3.86*2.895+1.81*3.786+1.81*3.895+1.81*5.075+3.855*1.93+3.855*1.86+3.855*4.99+3.855*3.03+1.895*1.93+1.13*2.11+3.667*1.81+3.667*1.81+5.097*2.93+5.097*3.03+9.252*1.715)*0.1),0)+ROUNDUP((0.45*0.2*2.03*2+0.2*0.2/2*2*2.03*2),0) -> 19
A15: 7.2.6 | B15: G8.2.1 | C15: Rough vertical form work to foundations and columns under ground | D15: m² | E15: =ROUNDUP((1.5*0.3*4*12+1.75*0.3*4*13+2*0.3*4*1+0.3*4*2.86*26),0)+ROUNDUP((150.963*0.34*2),0) -> 244
A16: 7.2.7 | B16: G8.2.2 | C16: Smooth vertical form work to exposed concrete surfaces | D16: m² | E16: =ROUNDUP((150.963*0.17*2),0) -> 52
A17: 7.2.8 | B17: G8.4.4 | C17: Uniform wood float finish on concrete surfaces | D17: m² | E17: =ROUNDUP((4.16*10.92+2.11*15.006+4.155*15.025+9.852*13.095+2.495*2.23),0) -> 275
A18: 7.2.9 | B18: G8.3.1 | C18: High tensile steel reinforcement to columns, beams, floor thickenings etc. | D18: t | E18: =ROUNDUP(((main1!E56*80+E12*120+E13*120)/1000),2) -> 5.48
A19: 7.2.10 | B19: G8.1.2.2 | C19: Mild steel reinforcement to columns, beams, floor thickenings etc. | D19: t | E19: =ROUNDUP((E18*25%),2) -> 1.37
A20: 7.2.11 | B20: G8.3.2 | C20: Type 245 fabric reinforcement in floor slabs in single layer (including laps) | D20: m² | E20: =ROUNDUP((E15*1.1),0) -> 269
A21: 7.2.12 | B21: G8.5 | C21: Isolation joint between 100 mm thick concrete slab and brick wall to be | D21: m | E21: =ROUNDUP((3.86*2+3.895*2+3.86*2+2.93*2+3.86*2+2.895*2+1.81*2+3.786*2+1.81*2+3.895*2+1.81*2+5.075*2+3.855*2+1.93*2+3.855*2+1.86*2+3.855*2+4.99*2+3.855*2+3.03*2+9.252*2+1.715*2+1.895*2+4.04*2+3.667*2+1.81*2+1.13*2+1.81*2+3.667*2+1.81*2+5.097*2+2.93*2+5.097*2+3.03*2+9.252*2+1.715*2),0) -> 250
C22: filled 10 mm JOINTEX (or similar approved by the Engineer)
A23: 7.2.13 | B23: G8.5 | C23: Expansion joint to be filled with 10 mm JOINTEX and capped with ABE | D23: m | E23: 50
C24: DOW CORNING 890-SL joint sealant with backing rope (or similar
C25: approved by the Engineer)
A26: 7.2.14 | B26: G8.5 | C26: Cut joint to be 3 mm wide x 25 mm deep filled with ABA DURACORD joint | D26: m | E26: =ROUNDUP((92.884),0) -> 93
C27: filler and ABE DOW CORNING 890-SL joint sealant with backing rope (or
C28: similar approved by the Engineer)
A29: 7.2.15 | B29: G8.1.1.2 | C29: 25 mm x 25 mm chamfers on exposed concrete edges | D29: m | E29: =ROUNDUP(((3.86+3.895)*2+(3.86+2.93)*2+(3.86+2.895)*2+(1.81+3.786)*2+(1.81+3.895)*2+(1.81+5.075)*2+(3.855+1.93)*2+(3.855+1.86)*2+(3.855+4.99)*2+(3.855+3.03)*2+(1.895+1.93)*2+(1.13+2.11)*2+(3.667+1.81)*2+(3.667+1.81)*2+(5.097+2.93)*2+(5.097+3.03)*2+(9.252+1.715)*2),0) -> 224
A31: 7.3 | C31: Strong room details
C33: Supply, install & construct the following items :
A34: 7.3.1 | B34: G8.4.3 | C34: 230 mm thick walls from 25 mPa concrete | D34: m³ | E34: =ROUNDUP((3.855*2.6*0.23*2+2*2.46*2.6*0.23*2),0) -> 11
A35: 7.3.2 | B35: G8.4.3 | C35: 170 mm thick roof slab from 25 mPa concrete | D35: m³ | E35: =ROUNDUP((3.855*2.46*0.17),0) -> 2
A36: 7.3.3 | B36: G8.2.2 | C36: Smooth vertical form work to exposed concrete surfaces | D36: m² | E36: =ROUNDUP(((4.455+2.46+3.855+1.86)*2*2.6),0) -> 66
A37: 7.3.4 | B37: G8.2.2 | C37: Smooth horizontal (soffit) form work to exposed concrete surfaces | D37: m² | E37: =ROUNDUP((3.96*2),0) -> 8
A38: 7.3.5 | B38: G8.4.4 | C38: Uniform wood float finish on concrete surfaces | D38: m² | E38: =ROUNDUP((4.455*2.46),0) -> 11
A39: 7.3.6 | B39: G8.3.1 | C39: High tensile steel reinforcement to walls, roof with corner bars etc. | D39: t | E39: =ROUNDUP(((E35+E35)*100/1000),2) -> 0.4
A40: 7.3.7 | B40: G8.1.2.2 | C40: Mild steel reinforcement to walls, roof with corner bars etc. | D40: t | E40: =ROUNDUP((E39*25%),2) -> 0.1
A41: 7.3.8 | B41: G8.3.2 | C41: Type 617 fabric reinforcement in walls, 2 layers in the wall | D41: m² | E41: =ROUNDUP((((4.455+3.855)/2+(2.46+1.86)/2)*2*2.6*2*1.1),0) -> 73
A42: 7.3.9 | B42: G8.1.1.2 | C42: 25 mm x 25 mm chamfers on exposed concrete edges | D42: m | E42: =ROUNDUP((3.96*2+2.46*2),0) -> 13
A43: 7.3.10 | C43: Strong room door by CHUBB safes or similar approved by the Engineer | D43: no | E43: 1
C44: (item includes the frame, hinges, lock, installation, etc.)
A59: =main1!C7&" total carried to summary page" -> Schedule 7 total carried to summary page
A61: =+main1!A61:G61+1 -> 18

Sheet guard1
A1: =+works!A1 -> BID NO. : 8/2/RNM0398
A2: =+works!A2 -> CONSTRUCTION OF THE MUNICIPAL VEHICLE POUND – WARD 17
A3: =+works!A3 -> RAY NKONYENI MUNICIPALITY
A5: Item | B5: Payment | C5: Item Description | D5: Unit | E5: Quantities | F5: Rate | G5: Amount
A6: number | B6: reference | G6: Rands.cents
B7: SANS | C7: Schedule 8
B8: 1 200 | C8: Foundations for guard building
C9: Refer to drawings : 3942/S/1 Revision 0
A12: 8.1 | C12: Earthworks
C14: Supply, install & construct the following items :
C15: Earthworks-for general notes see 7.1
A16: 8.1.1 | B16: D8.3.2a | C16: Excavate in bulk 1000 mm, use material for backfill and spoil excess and | D16: m³ | E16: =ROUNDUP((6.5*7.25*1),0) -> 48
C17: unsuitable material for building base slab
A18: 8.1.2 | B18: D8.3.2.(b)2 | C18: Extra over for excavation in hard rock material | D18: m³ | E18: =ROUND((E$16*15%),0) -> 7
A19: 8.1.3 | B19: D8.3.2.(b)2 | C19: Extra over for excavation in boulder class A & B material | D19: m³ | E19: =ROUND((E$16*10%),0) -> 5
A20: 8.1.4 | B20: D8.3.2(a) | C20: Extra over for the removal of additional unsuitable material | D20: m³ | E20: =ROUND((E$16*5%),0) -> 2
A21: 8.1.5 | B21: D8.3.5 | C21: Extra over excavation for working space | D21: m² | E21: =ROUNDUP(((6.5+7.2)*2*1),0) -> 28
A22: 8.1.6 | B22: DM8.3.3.2 | C22: Rip excavated floor area and compact to 93 % Mod AASHTO density | D22: m² | E22: =ROUNDUP((6.5*7.2),0) -> 47
A23: 8.1.7 | B23: D8.3.4(a) | C23: Make up deficiency in backfill material by importation of suitable material | D23: m³ | E23: =ROUNDUP((E21*0.6),0) -> 17
C24: approved by the Engineer
A25: 8.1.8 | B25: D8.3.4(a) | C25: Fill back with G5 imported selected gravel material and compact to 95% Mod | D25: m³ | E25: =ROUNDUP((5.085*5.595*1-(3.085*3.595*0.1+3.085*0.5*0.3*2+2.995*0.5*0.3*3)),0) -> 26
C26: AASHTO density under the 100 mm thick surface bed and ground beams
A27: 8.1.9 | B27: D8.3.6 | C27: Additional overhaul above the stipulated free haul distance | D27: m³km | E27: 50
A29: 8.2 | C29: Concrete & related items
C31: Note : The costs of making and testing of 150 mm x 150 mm x 150 mm test
C32: blocks are to be included in the various concrete rates
A33: 8.2.1 | B33: G8.4.2 | C33: 50 mm thick blinding layer under ground beams from 15 mPa concrete | D33: m² | E33: =ROUNDUP((4.55*0.3*2+5*0.3*2+2.8*0.3),0) -> 7
A34: 8.2.2 | B34: G8.4.3 | C34: 100 mm thick floor slab, including 300 mm wide ground beams from 25 mPa | D34: m³ | E34: =ROUNDUP((4.5*5.05*0.1+4.5*0.5*0.3*3+5*0.5*0.3*3+2.8*0.5*0.3),0) -> 7
C35: concrete
A36: 8.2.3 | B36: G8.2.1 | C36: Rough vertical form work to ground beams under ground | D36: m² | E36: =ROUNDUP((4.5*0.5*6+5*0.5*6+2.8*0.5*2),0) -> 32
A37: 8.2.4 | B37: G8.2.2 | C37: Smooth vertical form work to exposed concrete surfaces | D37: m² | E37: =ROUNDUP((4.5*0.17*2+5*0.17*2),0) -> 4
A38: 8.2.5 | B38: G8.4.4 | C38: Uniform wood float finish on concrete surfaces | D38: m² | E38: =ROUNDUP((5*4.55),0) -> 23
A39: 8.2.6 | B39: G8.3.1 | C39: High tensile steel reinforcement to columns, beams, floor thickenings etc. | D39: t | E39: =ROUNDUP((E34*120/1000),2) -> 0.84
A40: 8.2.7 | B40: G8.1.2.2 | C40: Mild steel reinforcement to columns, beams, floor thickenings etc. | D40: t | E40: =ROUNDUP((E39*15%),2) -> 0.13
A41: 8.2.8 | B41: G8.3.2 | C41: Type 245 fabric reinforcement in floor slabs in single layer (including overlaps) | D41: m² | E41: =ROUNDUP((5*4.5*1.05),0) -> 24
A42: 8.2.9 | B42: G8.1.1.2 | C42: 25 mm x 25 mm chamfers on exposed concrete edges | D42: m | E42: =ROUNDUP((5*2+4.5*2),0) -> 19
A59: =guard1!C7&" total carried to summary page" -> Schedule 8 total carried to summary page
A61: =+main2!A61+1 -> 19

Sheet archi1
A1: =+works!A1 -> BID NO. : 8/2/RNM0398
A2: =+works!A2 -> CONSTRUCTION OF THE MUNICIPAL VEHICLE POUND – WARD 17
A3: =+works!A3 -> RAY NKONYENI MUNICIPALITY
A5: Item | B5: Payment | C5: Item Description | D5: Unit | E5: Quantities | F5: Rate | G5: Amount
A6: number | B6: reference | G6: Rands.cents
B7: SANS | C7: Schedule 9
B8: 1 200 | C8: Architectural details - Masonry
C10: Supplementary preambles
C12: Brickwork - sizes and descriptions
C13: Where sizes in descriptions are given in brick units, "one brick" shall represent
C14: the length and "half brick" the width of a brick
C15: Hollow walls
C16: Description of hollow walls shall be deemed to include leaving every fifth
C17: perpend of the bottom course of the external skin open as a weep hole
C18: Face bricks
C19: Brick shall be ordered timorously to obtain uniformity in size and colour
C20: Pointing
C21: Description of recessed pointing to fair face brickwork and face brickwork
C22: shall be deemed to include square recessed, hollow recessed, weathered
C23: pointing, etc
A25: 9.1 | C25: Brickwork in superstructure
C27: Brickwork of NFP bricks in class II mortar (burnt clay bricks with 14 MPa
C28: nominal strength)
A29: 9.1.1 | C29: One brick walls - use face brick | D29: m² | E29: =ROUNDUP(((10.92+3.86*4+15.06+15.025+8.35+13.095+8.16+3.855*3+1.81+9.252+5.097*2+3.667+2.73+4.22)*2.8),0)-ROUNDUP((1.8*0.9*3+0.9*2.1*17+1.5*2.7+2.4*2.7*2+4.455*2.7*2+1.5*0.9+0.6*0.9*4+2.7*1.2*2+1.1*0.9+3.855+5.097),0)+50 -> 315
A30: 9.1.2 | C30: Half brick walls - use face brick | D30: m² | E30: =ROUNDUP((2*2.8*1.5),0) -> 9
A31: 9.1.3 | C31: One brick walls above ceiling level - use stock brick | D31: m² | E31: =ROUNDUP(((10.92+3.86*4+15.06+15.025+8.35+13.095+8.16+3.855*3+1.81+9.252+5.097*2+3.667+2.73+4.22)*0.35),0) -> 46
A33: 9.2 | C33: Brickwork sundries
C35: 2.5 mm brickwork reinforcement
A36: 9.2.1 | C36: 75 mm wide reinforcement built in horizontally in superstructure | D36: m | E36: =ROUNDUP((2*1.5*2.7/0.085),0) -> 96
A37: 9.2.2 | C37: 150 mm wide reinforcement built in horizontally in superstructure | D37: m | E37: =ROUNDUP(((10.92+3.86*4+15.06+15.025+8.35+13.095+8.16+3.855*3+1.81+9.252+5.097*2+3.667+2.73+4.22)*2.65/0.085),0) -> 4037
A39: 9.3 | C39: Concrete prestressed fabricated lintels
A41: 9.3.1 | C41: 110 mm x 70 mm lintels in length not exceeding 3 m | D41: no | E41: 3
A42: 9.3.2 | C42: 230 mm x 70 mm lintels in length not exceeding 3 m | D42: no | E42: 10
A43: 9.3.3 | C43: 230 mm x 70 mm lintels in length not exceeding 4 m | D43: no | E43: 7
A44: 9.3.4 | C44: 230 mm x 70 mm lintels in length not exceeding 5 m | D44: no | E44: 3
A45: 9.3.5 | C45: 230 mm x 70 mm lintels in length not exceeding 7 m | D45: no | E45: 1
A47: 9.4 | C47: Face brickwork
C49: Brick-on-edge header course copings, sills etc of approved face bricks, pointed
C50: with recessed joints on all exposed faces
A51: 9.4.1 | C51: 200 mm wide sills set sloping and slightly projecting | D51: m | E51: =ROUNDUP((1.022*1+2*1+1.022*1+1.022*1+1.511*2+1.022*1+1.022*1+2.4*1+2.4*1+1.511*1+0.533*1+0.433*1),0) -> 18
A53: 9.5 | C53: Straight joints in brick wall
A55: 9.5.1 | C55: 5.6 mm Ø mild steel rods, 400 mm long positioned centrally in vertical | D55: m | E55: 3
C56: joint at 340 mm c/c, painted with bond breaking liquid on one side, joint
C57: to be 10 mm wide filled with jointex and cover plates to be placed on both
C58: sides of joint over plaster
A59: =archi1!C7&" total carried to summary page" -> Schedule 9 total carried to summary page
A61: =+guard1!A61+1 -> 20

Sheet archi2
A1: =+works!A1 -> BID NO. : 8/2/RNM0398
A2: =+works!A2 -> CONSTRUCTION OF THE MUNICIPAL VEHICLE POUND – WARD 17
A3: =+works!A3 -> RAY NKONYENI MUNICIPALITY
A5: Item | B5: Payment | C5: Item Description | D5: Unit | E5: Quantities | F5: Rate | G5: Amount
A6: number | B6: reference | G6: Rands.cents
B7: SANS | C7: Schedule 10
B8: 1 200 | C8: Waterproofing
C10: Supplementary preambles
C12: Waterproofing
C13: Waterproofing of roofs, basements etc shall be laid under a ten year guarantee.
C14: Waterproofing to roofs shall be laid to an even fall to outlets etc with necessary
C15: ridges, hips and valleys. Descriptions of sheet or membrane waterproofing
C16: shall be deemed to include additional labour to turn-ups and turn-downs
A18: 10.1 | C18: Dump profing of walls and floors
C20: One layer of 375 micron "Consol Plastics Brikgrip DPC" embossed
C21: polyethylene damp proof course (SANS 952-1985-B or similar)
A22: 10.1.1 | C22: In walls | D22: m² | E22: =ROUNDUP(((0.6+5.99+6.44+2.53+9.39+7.2+9.39+6.77+5.65+6.77+5.65)*0.22),0)+ROUNDUP(((3.505*2+1.2+3.5+4.8+1.8+1.8+4.8+1+1+2.4+2.2+2+1.5*2+1.5+6.4+4)*0.11),0)+20*0.23 -> 25.6
C23: One layer of 250 micron "Consol Plastics Gunplas USB Green" polyethylene
C24: waterproof sheeting (SANS 952-1985-C or similar) sealed at laps with "Gunplas
C25: Pressure Sensitive Tape"
A26: 10.1.2 | C26: Under surface beds | D26: m² | E26: =ROUNDUP(((3.86*3.895+3.86*2.93+3.86*2.895+1.81*3.786+1.81*3.895+1.81*5.075+3.855*1.93+3.855*1.86+3.855*4.99+3.855*3.03+1.895*1.93+1.13*2.11+3.667*1.81+3.667*1.81+5.097*2.93+5.097*3.03+9.252*1.715)*1.1),0)+13 -> 202
A59: =archi2!C7&" total carried to summary page" -> Schedule 10 total carried to summary page
A61: =+archi1!A61+1 -> 21

Sheet archi3
A1: =+works!A1 -> BID NO. : 8/2/RNM0398
A2: =+works!A2 -> CONSTRUCTION OF THE MUNICIPAL VEHICLE POUND – WARD 17
A3: =+works!A3 -> RAY NKONYENI MUNICIPALITY
A5: Item | B5: Payment | C5: Item Description | D5: Unit | E5: Quantities | F5: Rate | G5: Amount
A6: number | B6: reference | G6: Rands.cents
B7: SANS | C7: Schedule 11
B8: 1 200 | C8: Roof coverings
C10: Roof coverings
C12: Profiled metal sheeting and accessories
C13: Supplementary preambles in connection with fixing of sheeting and
C14: accessories and laps are to be inserted when the model preambles for trades
C15: are used. When the pitch of the roof is less then 9° or if dustproofing is
C16: required then the description of roof covering" with sides and end laps
C17: sealed" is to be used
A19: 11.1 | C19: 0.5 mm Aluzinc IBR roof sheeting fixed to timber purlins
A21: 11.1.1 | C21: Roof covering with pitch not exceeding 26 degrees | D21: m² | E21: =ROUNDUP((4.086*2.71+10.92*7.02+15.025*10.452),0)+30 -> 275
A22: 11.1.2 | C22: Flashing against brick fire walls for water proofing | D22: m | E22: =ROUNDUP((15.025*2),0)+4 -> 35
A23: 11.1.3 | C23: Ridge flashing at guard house roof | D23: m | E23: 1
A59: =archi3!C7&" total carried to summary page" -> Schedule 11 total carried to summary page
A61: =+archi2!A61:G61+1 -> 22

Sheet archi4
A1: =+works!A1 -> BID NO. : 8/2/RNM0398
A2: =+works!A2 -> CONSTRUCTION OF THE MUNICIPAL VEHICLE POUND – WARD 17
A3: =+works!A3 -> RAY NKONYENI MUNICIPALITY
A5: Item | B5: Payment | C5: Item Description | D5: Unit | E5: Quantities | F5: Rate | G5: Amount
A6: number | B6: reference | G6: Rands.cents
B7: SANS | C7: Schedule 12
B8: 1 200 | C8: Carpentry and joinery
C10: Supplementary preambles
C12: Fixing
C13: Items described as "nailed" shall be deemed to be fixed with hardened steel
C14: nails or pins, or to be shot-pinned to brickwork or concrete.
C15: Items described as "plugged" shall be deemed to include screwing to fibre,
C16: plastic or metal plugs at not exceeding 500 mm centres, and where described
C17: as "bolted", the bolts have been given elsewhere
C18: Joinery
C19: Descriptions of frames shall be deemed to include frames, transoms, rails etc
C20: Descriptions of hardwood joinery shall be deemed to include sinking and
C21: pelleting head and nuts of bolts
C22: Decorative thermosetting plastic laminate covering
... C31: fabrication commences
A33: 12.1 | C33: Sawn softwood grade 5
A35: 12.1.1 | C35: 38 mm x 114 mm wall plates | D35: m | E35: =ROUNDUP((15.325*2+16.122*2),0)+16 -> 79
A36: 12.1.2 | C36: 76 mm x 50 mm wooden purlins | D36: m | E36: =ROUNDUP((15.325*14),0) -> 215
A37: 12.1.3 | C37: 38 mm x 38 mm purlins at guardhouse | D37: m | E37: 24
A38: 12.1.4 | C38: Mono truss 10152 mm x 2801 mm high overall with 600 mm eaves | D38: no | E38: 17
C39: projection on side, high part against the brick wall & fastened to it
A40: 12.1.5 | C40: Mono truss 6270 mm x 2801 mm high overall with 600 mm eaves | D40: no | E40: 13
C41: projection on side, high part against the brick wall & fastened to it
A42: 12.1.6 | C42: Mono truss 2710 mm x 2801 mm high overall with 600 mm eaves | D42: no | E42: 6
C43: projection on side, high part against the brick wall & fastened to it
A44: 12.1.7 | C44: Double pitch roof 4265 mm x 850 mm high overall with 600 mm eaves | D44: no | E44: 2
C45: projection
A47: 12.2 | C47: Sundries
A49: 12.2.1 | C49: 3 mm diameter galvanized wire tie 550 mm girth, wrapped around rafter | D49: no | E49: =ROUNDUP(((E38+E40+E42+E44)*2),0) -> 76
C50: and purlin with ends twisted together
A52: 12.3 | C52: Wood preservative
A54: 12.3.1 | C54: Two coats of wood preservative applied hot on sawn timbers before fixing | D54: m² | E54: =ROUNDUP((E35*(0.038*2+0.114*2)+E36*(0.076*2+0.05*2)),0) -> 79
A55: 12.3.2 | C55: Two coats of wood preservative applied hot on wrought exposed roof | D55: m² | E55: =ROUNDUP(((E38+E40+E42+E44)*3.5),0) -> 133
C56: timbers
A59: =+archi5!A61:G61 -> 24
A61: =+archi3!A61:G61+1 -> 23

Sheet archi5
A1: =+works!A1 -> BID NO. : 8/2/RNM0398
A2: =+works!A2 -> CONSTRUCTION OF THE MUNICIPAL VEHICLE POUND – WARD 17
A3: =+works!A3 -> RAY NKONYENI MUNICIPALITY
A5: Item | B5: Payment | C5: Item Description | D5: Unit | E5: Quantities | F5: Rate | G5: Amount
A6: number | B6: reference | G6: Rands.cents
B7: SANS | C7: Schedule 12 continued
B8: 1 200 | C8: =+archi4!C8 -> Carpentry and joinery
A10: =+archi4!A61:G61 -> 23
A12: 12.4 | C12: Fascia and barge boards
C14: Medium density plain fibre-cement fascia and barge boards
A15: 12.4.1 | C15: 12 mm x 230 mm fascia, countersunk screwed to support and roof timber | D15: m | E15: =ROUNDUP((17*2),0)+10 -> 44
C16: with one brass screw at maximum 750 mm centres including galvanized
C17: steel H-profile joiners and standard aluminium half round cover strips at all
C18: joints
A19: 12.4.2 | C19: 10 mm x 250 mm barge board countersunk screwed to support and roof | D19: m | E19: =ROUNDUP((15.325*2),0)+10 -> 41
C20: timber with one brass screw at maximum 750 mm centres and jointed with
C21: and including standard aluminium half round cover strips at all joints with
C22: galvanized steel H-profile joiners
A24: 12.5 | C24: Doors
A26: 12.5.1 | C26: Door D1 (internal) - 40 mm thick x 813 mm wide x 2032 mm high framed, | D26: no | E26: 10
C27: ledged and braced batten door formed of 40 mm x 110 mm styles and top
C28: rail, 20 mm x 225 mm bottom ledge, 20 mm x 150 mm middle ledge and
C29: 20 mm x 110 mm diagonal braces, filled in flush one side with 20 mm x
C30: 75 mm tongued, grooved and V-jointed both sides vertical boarding fixed
C31: in including grooves in styles and top rail (5 left hand opening and 5 right
C32: hand opening doors)
A33: 12.5.2 | C33: Door D2 (internal) - 1813 mm wide x 2500 mm high framed door with | D33: no | E33: 2
C34: natural anodized aluminium extrusion profile frame, 6 mm clear laminated,
C35: annealed safety glass windows in both sides - lock on right hand leaf
A36: 12.5.3 | C36: Door D3 (external) - 1813 mm wide x 2500 mm high framed door with | D36: no | E36: 3
C37: natural anodized aluminium extrusion profile frame, 6 mm clear laminated,
C38: annealed safety glass windows in both sides - lock on right hand leaf
A39: 12.5.4 | C39: Door D4 (internal - security) 1920 mm x 1080 mm "Centurion" Chubb high | D39: no | E39: 1
C40: security strong room safe door complete with steel frame built into
C41: concrete wall
A42: 12.5.5 | C42: "Xpanda" sliding security gate, 1800 mm wide x 2100 mm high at external | D42: no | E42: 1
C43: door
A45: 12.6 | C45: Office furniture
A47: 12.6.1 | C47: L-shaped office working table with laminated surface finishes | D47: no | E47: 3
A48: 12.6.2 | C48: Built up kitchen floor units 2 x 1200 mm x 900 mm high x 572 mm deep | D48: no | E48: 1
C49: with double doors. On top additional cupboard space, (Hi-line range) with
C50: wall unit affixed to wall 1370 mm high x 3800 mm long
A51: 12.6.3 | C51: Payment counter-desk (wall to wall) custom built - front is full wood panel | D51: no | E51: 1
C52: from floor level to counter level - internal face with shelves and drawers to
C53: requirement
A54: 12.6.4 | C54: Operation room custom built wall to wall table with laminated top, internal | D54: no | E54: 1
C55: face with shelves and drawers to requirement
A56: 12.6.5 | C56: Control room custom built wall to wall table with laminated top, internal face | D56: no | E56: 1
C57: with shelves and drawers to requirement
A59: =archi4!C7&" total carried to summary page" -> Schedule 12 total carried to summary page
A61: =+archi4!A61:G61+1 -> 24

Sheet adchi6
A1: =+works!A1 -> BID NO. : 8/2/RNM0398
A2: =+works!A2 -> CONSTRUCTION OF THE MUNICIPAL VEHICLE POUND – WARD 17
A3: =+works!A3 -> RAY NKONYENI MUNICIPALITY
A5: Item | B5: Payment | C5: Item Description | D5: Unit | E5: Quantities | F5: Rate | G5: Amount
A6: number | B6: reference | G6: Rands.cents
B7: SANS | C7: =+archi5!C7 -> Schedule 12 continued
B8: 1 200 | C8: =+archi4!C8 -> Carpentry and joinery
A10: =+archi4!A61:G61 -> 23
A12: 12.6.6 | C12: Office room custom built wall to wall table with laminated top, internal face | D12: no | E12: 2
C13: with shelves and drawers to requirement - 2 m long
A14: 12.6.7 | C14: Office room custom built wall to wall table with laminated top, internal face | D14: no | E14: 1
C15: with shelves and drawers to requirement - 4 m long
A16: 12.6.8 | C16: Service area custom built wall to wall table with laminated top, internal face | D16: no | E16: 1
C17: with shelves and drawers to requirement - 5 m long
A18: 12.6.9 | C18: Swivel type office chairs - to client requirements | D18: no | E18: 18
A59: =archi4!C7&" total carried to summary page" -> Schedule 12 total carried to summary page
A61: =+archi5!A61:G61+1 -> 25

Sheet archi7
A1: =+works!A1 -> BID NO. : 8/2/RNM0398
A2: =+works!A2 -> CONSTRUCTION OF THE MUNICIPAL VEHICLE POUND – WARD 17
A3: =+works!A3 -> RAY NKONYENI MUNICIPALITY
A5: Item | B5: Payment | C5: Item Description | D5: Unit | E5: Quantities | F5: Rate | G5: Amount
A6: number | B6: reference | G6: Rands.cents
B7: SANS | C7: Schedule 13
B8: 1 200 | C8: Ceiling partitions and access flooring
C10: Supplementary preambles
C12: Fixing
C13: Items described as "nailed" shall be deemed to be fixed with hardened steel
C14: nails or pins, or to be shot-pinned to brickwork or concrete.
C15: Items described as "plugged" shall be deemed to include screwing to fibre,
C16: plastic or metal plugs at not exceeding 500 mm centres, and where described
C17: as "bolted", the bolts have been given elsewhere
C18: Ceilings
C19: Unless otherwise described ceiling shall be deemed horizontal
C20: Steel components
C21: All steel components for ceilings, partitions, etc are to be galvanized in
C22: accordance with SANS 121
A24: 13.1 | C24: Ceiling timbers, beads, insulation, etc
C26: Everite gypsum plasterboard cornice
A27: 13.1.1 | C27: 75 mm x 75 mm "Coved" cornices | D27: m | E27: =ROUNDUP((3.86*2+3.895*2+3.86*2+2.93*2+3.86*2+2.895*2+1.81*2+3.786*2+1.81*2+3.895*2+1.81*2+5.075*2+3.855*2+1.93*2+3.855*2+1.86*2+3.855*2+4.99*2+3.855*2+3.03*2+9.252*2+1.715*2+1.895*2+4.04*2+3.667*2+1.81*2+1.13*2+1.81*2+3.667*2+1.81*2+5.097*2+2.93*2+5.097*2+3.03*2+9.252*2+1.715*2),0) -> 250
A29: 13.2 | C29: Nailed up ceilings
C31: 4 mm "Everite Nutec" fibre-cement boards with H-type pressed steel joining
C32: strips
A33: 13.2.1 | C33: Ceilings including 38 mm x 38 mm sawn softwood brandering at 450 mm | D33: m² | E33: =443+25 -> 468
C34: centres and cross brandering at 450 mm centres, including steel frame
A35: 13.2.2 | C35: Extra over ceiling for 600 mm x 600 mm trap door of 32 mm x 32 mm | D35: no | E35: =ROUNDUP(((3.86*3.895+3.86*2.93+3.86*2.895+1.81*3.786+1.81*3.895+1.81*5.075+3.855*1.93+3.855*1.86+3.855*4.99+3.855*3.03+1.895*1.93+1.13*2.11+3.667*1.81+3.667*1.81+5.097*2.93+5.097*3.03+9.252*1.715)),0) -> 172
C36: wrought softwood rebated framing with one cross brander, including
C37: necessary trimmers around
A59: =archi7!C7&" total carried to summary page" -> Schedule 13 total carried to summary page
A61: =+adchi6!A61:G61+1 -> 26

Sheet archi8
A1: =+works!A1 -> BID NO. : 8/2/RNM0398
A2: =+works!A2 -> CONSTRUCTION OF THE MUNICIPAL VEHICLE POUND – WARD 17
A3: =+works!A3 -> RAY NKONYENI MUNICIPALITY
A5: Item | B5: Payment | C5: Item Description | D5: Unit | E5: Quantities | F5: Rate | G5: Amount
A6: number | B6: reference | G6: Rands.cents
B7: SANS | C7: Schedule 14
B8: 1 200 | C8: Floor coverings, wall linings etc
C10: Supplementary preambles
C12: Floor coverings
C13: Floor coverings, wall linings, etc shall where applicable, be fixed with adhesive
C14: as recommended by the manufacturers of the flooring, skirting, lining, etc
A16: 14.1 | C16: Floor coverings
A18: 14.1.1 | C18: 350 mm x 350 mm matt non-slip ceramic floor tiles on cement screed on | D18: m² | E18: =ROUNDUP(((3.855*1.93+3.783*1.81+3.895*1.81+5.075*1.81+1.896*1.93+5.097*11.895)*1.075),0)+25 -> 127
C19: floor and door openings
A20: 14.1.2 | C20: 350 mm x 350 mm matt non-slip vinyl floor tiles on cement screed on floor | D20: m² | E20: =ROUNDUP(((3.855*4.99+3.855*1.86+3.86*3.895+3.86*2.93+3.86*2.895)*1.075),0) -> 69
C21: and door openings
A22: 14.1.3 | C22: 19 mm x 76 skirting nailed to walls with heads of nails punched and filled, | D22: m | E22: =ROUNDUP((3.86*2+3.895*2+3.86*2+2.93*2+3.86*2+2.895*2+1.81*2+3.786*2+1.81*2+3.895*2+1.81*2+5.075*2+3.855*2+1.93*2+3.855*2+1.86*2+3.855*2+4.99*2+3.855*2+3.03*2+9.252*2+1.715*2+1.895*2+4.04*2+3.667*2+1.81*2+1.13*2+1.81*2+3.667*2+1.81*2+5.097*2+2.93*2+5.097*2+3.03*2+9.252*2+1.715*2),0) -> 250
C23: including 19 mm quadrant bead planted on at junction with floor
A59: =archi8!C7&" total carried to summary page" -> Schedule 14 total carried to summary page
A61: =+archi7!A61:G61+1 -> 27

Sheet archi9
A1: =+works!A1 -> BID NO. : 8/2/RNM0398
A2: =+works!A2 -> CONSTRUCTION OF THE MUNICIPAL VEHICLE POUND – WARD 17
A3: =+works!A3 -> RAY NKONYENI MUNICIPALITY
A5: Item | B5: Payment | C5: Item Description | D5: Unit | E5: Quantities | F5: Rate | G5: Amount
A6: number | B6: reference | G6: Rands.cents
B7: SANS | C7: Schedule 15
B8: 1 200 | C8: Ironmongery
C10: Supplementary preambles
C12: Ironmongery
C13: Where ironmongery is described as plugged, prices are to include for screwing
C14: to and including approved patent plugs in concrete or brickwork with plaster
C15: or tiled finish
C16: Proprietary items
C17: Where applicable the manufacturer's names or product catalogue titles are
C18: given in sub-headings preceding the item. Prices are to be based on the
C19: specific products/articles specified. If tenderers wish to offer alternative
C20: products/articles for certain items, these items are to be clearly marked and
C21: the alternative specifications given with supporting brochures etc clarifying
C22: the features of the products/articles offered. On request returnable samples
... C29: PB Polished brass, PL Polished and lacquered, PT Epoxy coated, SD Sanded
A31: 15.1 | C31: Hinges, bolts etc
C33: In accordance with DCLSA catalogue or similar approved
A34: 15.1.1 | C34: 150 mm Chromium plated barrel bolts keep fixed to metal for all external | D34: no | E34: 3
C35: doors
A37: 15.2 | C37: Locks
C39: In accordance with DCLSA catalogue or similar approved
A40: 15.2.1 | C40: "ESCO NUTEK" four lever lockset CZ694243133CH, SC finish, or similar | D40: no | E40: 4
C41: approved
A42: 15.2.2 | C42: "ESCO NUTEK" two lever lockset CZ694243113CH, SC finish, or similar | D42: no | E42: 11
C43: approved
A45: 15.3 | C45: Sundries
A47: 15.3.1 | C47: 600 mm chromed grab bar plugged to ceramic tiled walls | D47: no | E47: 2
A48: 15.3.2 | C48: Approved "Nomad" extra dirt trapping doormat | D48: no | E48: 1
A49: 15.3.3 | C49: Ref 140/69/C00069 floor mounted door stop plugged to ceramic tiled/ | D49: no | E49: 15
C50: granolithic finished floors
A52: 15.4 | C52: Bathroom fittings
C54: Conways
A55: 15.4.1 | C55: CH"B 1682" toilet roll holder | D55: no | E55: 3
A56: 15.4.2 | C56: 19 mm Stainless steel chromium plated towel rail, 600 mm long, with end | D56: no | E56: 5
C57: brackets plugged to plastered or tiled wall
A58: 15.4.3 | C58: Vanity cupboards with mirror affixed to wall in all bathrooms | D58: no | E58: 3
A59: =+archi9!C7&" total carried to summary page" -> Schedule 15 total carried to summary page
A61: =+archi8!A61:G61+1 -> 28

Sheet archi10
A1: =+works!A1 -> BID NO. : 8/2/RNM0398
A2: =+works!A2 -> CONSTRUCTION OF THE MUNICIPAL VEHICLE POUND – WARD 17
A3: =+works!A3 -> RAY NKONYENI MUNICIPALITY
A5: Item | B5: Payment | C5: Item Description | D5: Unit | E5: Quantities | F5: Rate | G5: Amount
A6: number | B6: reference | G6: Rands.cents
B7: SANS | C7: Schedule 16
B8: 1 200 | C8: Metalworks
C10: Supplementary preambles
C12: Descriptions
C13: Description of bolts shall be deemed to include nuts and washers
C14: Descriptions of expansion anchors and bolts and chemical anchors shall be
C15: deemed to include nuts, washers and mortises in brickwork or concrete
C16: Metalwork described as "holed for bolt(s)" shall be deemed to exclude the
C17: bolts unless otherwise described
C18: Items described as "plugged" shall be deemed to include screwing to fibre,
C19: plastic or metal plugs at not exceeding 600 mm centres
A21: 16.1 | C21: Welded screen, gate etc
C23: Screens and gates to external door
A24: 16.1.1 | C24: Single security gate size 1813 mm wide x 2032 mm high formed of 25 mm | D24: no | E24: 1
C25: x 25 mm x 2 mm mild steel hollow section frame filled with R10 vertical
C26: bars at 109 mm centres, two 25 mm x 25 mm x 2 mm thick hollow section
C27: horizontal bars, two 100 mm hinges welded to frame, the whole bolted to
C28: brickwork with three 8 mm x 50 mm long rawl bolts including barrel bolt
A30: 16.2 | C30: Pressed steel door frames
C32: 1.2 mm rebated, galvanized pressed steel door frames suitable for half brick
C33: walls
A34: 16.2.1 | C34: Frame for door 877 mm x 2064 mm high for door type D1 | D34: no | E34: 10
C35: 1.2 mm double rebated, galvanized pressed steel door frames suitable for one
C36: brick walls
A37: 16.2.2 | C37: Frame for door 1813 mm x 2064 mm high for door type D2 | D37: no | E37: 2
C38: 1.2 mm double rebated, galvanized pressed steel door frames suitable for one
C39: brick walls
A40: 16.2.3 | C40: Frame for door 1813 mm x 2064 mm high for door type D3 | D40: no | E40: 3
A42: 16.3 | C42: Steel windows, doors etc
C44: Pressed aluminium windows with window frames built into brick work
A45: 16.3.1 | C45: Window type W1 - 533 mm wide x 654 mm high with burglar bars for | D45: no | E45: 4
C46: ablution cubicles
A47: 16.3.2 | C47: Window type W2 - 1022 mm wide x 654 mm high with burglar bars for | D47: no | E47: 1
C48: ablution cubicle
A49: 16.3.3 | C49: Window type W3 - 1022 mm wide x 1559 mm high with burglar bars for | D49: no | E49: 1
C50: end of passage
A51: 16.3.4 | C51: Window type W4 - 1511 mm wide x 1559 mm high with burglar bars for | D51: no | E51: 3
C52: office rooms
A53: 16.3.5 | C53: Window type W5 - 2000 mm wide x 1264 mm high with burglar bars for | D53: no | E53: 1
C54: kitchen
A55: 16.3.6 | C55: Window type W6 - 10620 mm wide x 2469 mm high shop front | D55: no | E55: 1
A59: =+archi11!A61:G61 -> 30
A61: =+archi9!A61+1 -> 29

Sheet archi11
A1: =+works!A1 -> BID NO. : 8/2/RNM0398
A2: =+works!A2 -> CONSTRUCTION OF THE MUNICIPAL VEHICLE POUND – WARD 17
A3: =+works!A3 -> RAY NKONYENI MUNICIPALITY
A5: Item | B5: Payment | C5: Item Description | D5: Unit | E5: Quantities | F5: Rate | G5: Amount
A6: number | B6: reference | G6: Rands.cents
B7: SANS | C7: Schedule 12 continued
B8: 1 200 | C8: =+archi10!C8 -> Metalworks
A10: =+archi10!A61:G61 -> 29
A12: 16.4 | C12: Steel roller shutters etc
C14: Wispeco galvanized steel powder coated roller shutters with 76 mm slats
C15: (18 kg/m²), fixed to brickwork or concrete including 200 mm long sliding bolts
C16: on both sides
A17: 16.4.1 | C17: Manual push-up slatted roller shutter 3365 mm wide x 2032 mm high | D17: no | E17: 2
C18: opening at public entrance
A59: =+archi10!C7&" total carried to summary page" -> Schedule 16 total carried to summary page
A61: =+archi10!A61:G61+1 -> 30

Sheet archi12
A1: =+works!A1 -> BID NO. : 8/2/RNM0398
A2: =+works!A2 -> CONSTRUCTION OF THE MUNICIPAL VEHICLE POUND – WARD 17
A3: =+works!A3 -> RAY NKONYENI MUNICIPALITY
A5: Item | B5: Payment | C5: Item Description | D5: Unit | E5: Quantities | F5: Rate | G5: Amount
A6: number | B6: reference | G6: Rands.cents
B7: SANS | C7: Schedule 17
B8: 1 200 | C8: Plastering
C10: Supplementary preambles
C12: Method
C13: The method to be used shall be either the monolithic method or the bonded
C14: method
C15: Preparation
C16: For granolithic applied monolithically, the concrete floor shall be swept clean
C17: after bleeding of the concrete has ceased and the slab has begun to stiffen;
C18: any remaining bleed water shall be removed and the granolithic applied
C19: immediately thereafter. For granolithic to be bonded to the floor slab after it
C20: has hardened, the slab surface shall be hacked (preferably by mechanical
C21: means) until all laitance, dirt, oil, etc is dislodged and swept clean of all
C22: matter. The slab shall then be wetted and kept damp for at least six hours
... C54: into a true and even colour
A59: =+archi13!A61:G61 -> 32 | B59: =+archi11!B61:H61 -> 0 | C59: =+archi11!C61:I61 -> 0 | D59: =+archi11!D61:J61 -> 0 | E59: =+archi11!E61:K61 -> 0 | F59: =+archi11!F61:L61 -> 0 | G59: =+archi11!G61:M61 -> 0
A61: =+archi11!A61:G61+1 -> 31

Sheet archi13
A1: =+works!A1 -> BID NO. : 8/2/RNM0398
A2: =+works!A2 -> CONSTRUCTION OF THE MUNICIPAL VEHICLE POUND – WARD 17
A3: =+works!A3 -> RAY NKONYENI MUNICIPALITY
A5: Item | B5: Payment | C5: Item Description | D5: Unit | E5: Quantities | F5: Rate | G5: Amount
A6: number | B6: reference | G6: Rands.cents
B7: SANS | C7: Schedule 17 continued
B8: 1 200 | C8: =+archi12!C8 -> Plastering
A10: =+archi12!A61:G61 -> 31
A12: 17.1 | C12: Granolithic
A14: 17.1.1 | C14: Average 35 mm thick on floors with upper surface to falls and currents | D14: m² | E14: 8
C15: at staff entrance
A17: 17.2 | C17: Internal plaster
C19: Cement plaster on brickwork
A20: 17.2.1 | C20: On walls | D20: m² | E20: =ROUNDUP(((10.92+3.86*4+15.06+15.025+8.35+13.095+8.16+3.855*3+1.81+9.252+5.097*2+3.667+2.73+4.22)*2.8*2),0)-ROUNDUP((1.8*0.9*3+0.9*2.1*17+1.5*2.7+2.4*2.7*2+4.455*2.7*2+1.5*0.9+0.6*0.9*4+2.7*1.2*2+1.1*0.9+3.855+5.097),0)+ROUNDUP((2*2.8*1.5*2),0) -> 645
A21: 17.2.2 | C21: On narrow widths | D21: m² | E21: =ROUNDUP((31*0.23*2.5),0) -> 18
A59: =+archi12!C7&" total carried to summary page" -> Schedule 17 total carried to summary page
A61: =+archi12!A61:G61+1 -> 32

Sheet archi14
A1: =+works!A1 -> BID NO. : 8/2/RNM0398
A2: =+works!A2 -> CONSTRUCTION OF THE MUNICIPAL VEHICLE POUND – WARD 17
A3: =+works!A3 -> RAY NKONYENI MUNICIPALITY
A5: Item | B5: Payment | C5: Item Description | D5: Unit | E5: Quantities | F5: Rate | G5: Amount
A6: number | B6: reference | G6: Rands.cents
B7: SANS | C7: Schedule 18
B8: 1 200 | C8: Tiling
C10: Supplementary preambles
C12: Descriptions
C13: Unless described as "fixed with adhesive to plaster" description of tiling on
C14: brick or concrete walls, columns, etc shall be deemed to include 1:4 cement
C15: plaster backing and descriptions of tiling on concrete floors etc shall be
C16: deemed to include 1:3 plaster bedding
C17: Tiles should comply with the minimum requirements of SANS 1449.
C18: Wall tiling to comply with Part 7.2 of SANS 0107:1996.
C19: Finished wall tile surfaces to comply with Part 7.2.6.1. of SANS 0107:1996.
C20: Protection cleaning and maintenance of wall tiles to comply with part 9 of
C21: SANS 0107:1996.
C22: Tiling rates to include appropriate plastic edge trims wherever required, to all
C23: external corners, jambs, sills, etc.
A25: 18.1 | C25: Wall tiling
C27: 150 mm x 150 mm white matt ceramic tiles fixed with adhesives to plaster
C28: (plaster indicated elsewhere)
A30: 18.1.1 | C30: On walls | D30: m² | E30: =ROUNDUP((3.667*4*2+1.81*4*2+4.04*2*2+1.895*2*2),0) -> 68
A31: 18.1.2 | C31: On narrow width | D31: m² | E31: =ROUNDUP((22*0.23*2.5),0) -> 13
A32: 18.1.3 | C32: Cut 100 mm high wall skirting with same tiles as being used for floors | D32: m² | E32: =ROUNDUP(((7.52*2+6.64*2+0.22*2-0.813+4.6*2+2.66*2+0.22*4-0.813*2+4.545*2+6.64*2+0.22*2-0.813+9.52*2+5.155*6-0.813*8+0.11*19+0.22*4-0.813*2+3.055*2+0.22*2)*0.1),0) -> 12
A34: 18.2 | C34: Floor tiling
C36: 350 mm x 350 mm matt non-slip ceramic floor tiles on cement screed
A37: 18.2.1 | C37: Glazed ceramic tiles fixed with an approved tile adhesive to cement plaster | D37: m³ | E37: =242+12 -> 254
C38: (See item 14.1.1)
A40: 18.3 | C40: Sundries
A42: 18.3.1 | C42: Glazed ceramic soap holders attached to wall tiles in ablution with adhesive | D42: no | E42: 5
C43: as per manufacturer's recommendation and supply
A59: =archi14!C7&" total carried to summary page" -> Schedule 18 total carried to summary page
A61: =+archi13!A61:G61+1 -> 33

Sheet archi15
A1: =+works!A1 -> BID NO. : 8/2/RNM0398
A2: =+works!A2 -> CONSTRUCTION OF THE MUNICIPAL VEHICLE POUND – WARD 17
A3: =+works!A3 -> RAY NKONYENI MUNICIPALITY
A5: Item | B5: Payment | C5: Item Description | D5: Unit | E5: Quantities | F5: Rate | G5: Amount
A6: number | B6: reference | G6: Rands.cents
B7: SANS | C7: Schedule 19
B8: 1 200 | C8: Plumbing and drainage
C10: Supplementary preambles
C12: Wire gratings
C13: Descriptions of gutter outlets, etc. shall be deemed to include wire ballom
C14: gratings.
C15: Excavations
C16: Trenches not exceeding 1m deep shall be taken of such width as to provide a
C17: clearance of 300mm on each side of the pipe, the width of the trench shall be
C18: increased by 100mm for each successive depth of 1m to a maximum width
C19: which provides a clearance of 500mm on each side of the pipe. No claim for
C20: rock excavation will be entertained unless the Contractor has timorously
C21: notified the quantity surveyor thereof prior to backfilling.
C22: 'Soft rock' and 'hard rock' shall be as defined in 'Earthworks'.
... C57: sockets and spigots with push-in type integral rubber ring joints. Bends shall
A59: =+archi16!A61:G61 -> 35 | B59: =+archi11!B61:H61 -> 0 | C59: =+archi11!C61:I61 -> 0 | D59: =+archi11!D61:J61 -> 0 | E59: =+archi11!E61:K61 -> 0 | F59: =+archi11!F61:L61 -> 0 | G59: =+archi11!G61:M61 -> 0
A61: =+archi14!A61:G61+1 -> 34

Sheet archi16
A1: =+works!A1 -> BID NO. : 8/2/RNM0398
A2: =+works!A2 -> CONSTRUCTION OF THE MUNICIPAL VEHICLE POUND – WARD 17
A3: =+works!A3 -> RAY NKONYENI MUNICIPALITY
A5: Item | B5: Payment | C5: Item Description | D5: Unit | E5: Quantities | F5: Rate | G5: Amount
A6: number | B6: reference | G6: Rands.cents
B7: SANS | C7: Schedule 19 continued
B8: 1 200 | C8: =+archi15!C8 -> Plumbing and drainage
A10: =+archi15!A61:G61 -> 34
C12: be uPVC and all other fittings shall be cast iron, all with similar push-in type
C13: joints.
C14: High density polyethylene (HDPe) pipes and fittings
C15: Pipes shall be type 4 and of the class specified with Plasson or Alprene
C16: compression fittings.
C17: Polycop polypropylene pipes
C18: Polypropylene pipes 54 mm diameter and smaller shall be seamless copper
C19: coloured Class 16 pipes jointed with Fast-fuse heat welded thermoplastic or
C20: where so described Polylock compression fittings. Pipes shall be firmly fixed to
C21: walls, etc with coloured nylon snap-in pipe clips with provision for
C22: accommodating thermal movement and jointed and fixed in accordance with
C23: the manufacturer's instructions.
... C56: instructions including mastic, tape, Layflat sheeting, securing of same, etc.
A59: =+archi17!A61:G61 -> 36 | B59: =+archi11!B61:H61 -> 0 | C59: =+archi11!C61:I61 -> 0 | D59: =+archi11!D61:J61 -> 0 | E59: =+archi11!E61:K61 -> 0 | F59: =+archi11!F61:L61 -> 0 | G59: =+archi11!G61:M61 -> 0
A61: =+archi15!A61:G61+1 -> 35

Sheet archi17
A1: =+works!A1 -> BID NO. : 8/2/RNM0398
A2: =+works!A2 -> CONSTRUCTION OF THE MUNICIPAL VEHICLE POUND – WARD 17
A3: =+works!A3 -> RAY NKONYENI MUNICIPALITY
A5: Item | B5: Payment | C5: Item Description | D5: Unit | E5: Quantities | F5: Rate | G5: Amount
A6: number | B6: reference | G6: Rands.cents
B7: SANS | C7: =+archi16!C7 -> Schedule 19 continued
B8: 1 200 | C8: =+archi15!C8 -> Plumbing and drainage
A10: =+archi16!A61:G61 -> 35
A12: 19.1 | C12: Soil drainage - external next to building
C14: Excavation, etc for soil drainage
A15: 19.1.1 | C15: Excavation in earth not exceeding 1 m deep for pipe trench | D15: m³ | E15: =ROUNDUP((E25*0.8*1),0) -> 35
A16: 19.1.2 | C16: Excavation in earth exceeding 1 m and not exceeding 2 m deep for pipe | D16: m³ | E16: =ROUNDUP((E25*0.65*0.8*2),0)-E15 -> 10
C17: trenches
A18: 19.1.3 | C18: Backfilling to pipe trenches compacted to 90% Mod AASHTO density | D18: m³ | E18: =ROUNDUP((E15-E19-E21),0) -> 18
A19: 19.1.4 | C19: Selected granular filling in bedding under and filling around the pipes | D19: m³ | E19: =ROUNDUP((E25*0.8*0.1),0) -> 4
C20: compacted to 90% Mod AASHTO density
A21: 19.1.5 | C21: Selected granular filling in blanket over and filling around the pipes | D21: m³ | E21: =ROUNDUP((E25*0.8*0.35),0) -> 13
C22: compacted to 90% Mod AASHTO density
C23: Normal duty (Class 51) uPVC sewer & drain pipes
A24: 19.1.6 | C24: 110 mm pipes vertically or ramped to cleaning eyes etc (no excavation) | D24: m | E24: 3
A25: 19.1.7 | C25: 110 mm pipes laid in trenches (excavation elsewhere) | D25: m | E25: =ROUNDUP((4+9.1+16.8+1.3*3+1*2+1.3*2+1*2+2),0) -> 43
C26: Extra over for normal duty (Class 51) uPVC sewer & drain pipe fittings
A27: 19.1.8 | C27: 110 mm x 90 degree bend | D27: no | E27: 5
A28: 19.1.9 | C28: 110 mm x 110 mm x 45 degree junction with inspection eye | D28: no | E28: 4
A29: 19.1.10 | C29: 110 mm access bend | D29: no | E29: 11
A30: 19.1.11 | C30: Rodding eye access junction | D30: no | E30: 3
C31: uPVC galleys
A32: 19.1.12 | C32: 110 mm dished gulley not exceeding 500 mm deep | D32: no | E32: 5
C33: Testing
A34: 19.1.13 | C34: Test soil drain system | D34: Item | E34: 1
A36: 19.2 | C36: Sanitary fittings
C38: "Vaal" or other approved
A39: 19.2.1 | C39: Vaal Sanitaryware ceramic fireclay 895 mm x 455 mm "Cameo" oval self | D39: no | E39: 3
C40: rimming vanity basin, with three semi-punched tap holes, (i.e. available in
C41: two tap hole configuration and chain stay hole through the semi-punched
C42: top-hole). Overflow attachments (Code 8784OZ), with flexible overflow
C43: tube, waste outlet and overflow tube adapter.
A44: 19.2.2 | C44: WC suite comprising white vitreous china pan with P-trap, 9 litre high-level | D44: no | E44: 4
C45: duranite vandal-proof induct type "Flush Master" (Cobra Code FM2-210)
C46: complete with pneumatic flushing mechanism and recessed chromium
C47: plated push button user control station in remote position with plastic
C48: conduit pipe and sleeve built into and including forming recess in brickwork,
C49: brackets and matching extended flush pipe and with heavy duty white
C50: single flap seat.
A51: 19.2.3 | C51: Stainless steel sink type "DCB" with double central bowl, | D51: no | E51: 1
C52: 1800 mm long on galvanized steel brackets in kitchen
A53: 19.2.4 | C53: "Lavatera 70400" or similar approved wall urinal with spreader and waste | D53: no | E53: 1
C54: union
A59: =+archi18!A61:G61 -> 37
A61: =+archi16!A61:G61+1 -> 36

Sheet archi18
A1: =+works!A1 -> BID NO. : 8/2/RNM0398
A2: =+works!A2 -> CONSTRUCTION OF THE MUNICIPAL VEHICLE POUND – WARD 17
A3: =+works!A3 -> RAY NKONYENI MUNICIPALITY
A5: Item | B5: Payment | C5: Item Description | D5: Unit | E5: Quantities | F5: Rate | G5: Amount
A6: number | B6: reference | G6: Rands.cents
B7: SANS | C7: =+archi17!C7 -> Schedule 19 continued
B8: 1 200 | C8: =+archi15!C8 -> Plumbing and drainage
A10: =+archi17!A61:G61 -> 36
A12: 19.3 | C12: Waste unions etc
C14: Cobra watertech
A15: 19.3.1 | C15: 32 mm 301 CP basin waste union and floor waster water union | D15: no | E15: 1
A16: 19.3.2 | C16: 40 mm 301 CP sink waste union | D16: no | E16: 2
A18: 19.4 | C18: Traps etc
C20: Rubber
A21: 19.4.1 | C21: 50 mm P or S trap | D21: no | E21: 4
C22: "Cobra watertech" or other approved
A23: 19.4.2 | C23: 40 mm 340 CP bottle trap | D23: no | E23: 4
A24: 19.4.3 | C24: Connection unit between 40 & 50 mm units and 110 mm waste pipes | D24: no | E24: 5
A26: 19.5 | C26: Taps, valves etc
C28: Cobra watertech
A29: 19.5.1 | C29: 15 mm Code 139 "Copcl" capillary type Under-wall CP star pattern stop tap | D29: no | E29: 5
A30: 19.5.2 | C30: 15 mm "Carina" CP single top-hole star pattern sink mixer | D30: no | E30: 1
A31: 19.5.3 | C31: PB1.10RB vacuum breaker | D31: no | E31: 1
A32: 19.5.4 | C32: Cobra no 481 CP basin set | D32: no | E32: 4
A33: 19.5.5 | C33: Code PA5.1 "Master box 1" house water station consisting of an isolating | D33: no | E33: 1
C34: valve, strainer, combination pressure reducing valve (400 kPa) and
C35: expansion relief valve with discharge over a funnel
A36: 19.5.6 | C36: 15 mm 128-15CP Star under tile stopcock | D36: no | E36: 10
A38: 19.6 | C38: Sanitary plumbing
C40: PVC soil and vent pipes
A41: 19.6.1 | C41: 50 mm pipes | D41: m | E41: 10
A42: 19.6.2 | C42: 50 mm pipes chased into brick walls or under floor slabs | D42: m | E42: 10
C43: Extra over uPVC soil and vent pipes for fittings
A44: 19.6.3 | C44: 110 mm pan connector | D44: No | E44: 5
A45: 19.6.4 | C45: 50 mm bend | D45: No | E45: 5
A46: 19.6.5 | C46: 50 mm reducing junction | D46: No | E46: 10
A48: 19.7 | C48: Water supplies
C50: Class 9 uPVC pressure pipes with solvent welded joints
A51: 19.7.1 | C51: 75 mm pipes laid in and including trenches not exceeding 1 m deep | D51: m | E51: 10
C52: Extra over Class 9 uPVC pressure pipes for fittings with solvent welded joints
A53: 19.7.2 | C53: 75 mm x 50 mm reducer | D53: no | E53: 1
A54: 19.7.3 | C54: 75 mm x 75 mm equal tee | D54: no | E54: 1
C55: PN10 HDPe PE100 pipes
A56: 19.7.4 | C56: 63 mm pipes laid in and including trenches not exceeding 1 m deep | D56: m | E56: 10
C57: Extra over PN10 HDPE PE100 pipes for Plasson fittings
A58: 19.7.5 | C58: 63 mm x 25 mm reducing tee | D58: no | E58: 1
A59: =+archi19!A61:G61 -> 38
A61: =+archi17!A61:G61+1 -> 37

Sheet archi19
A1: =+works!A1 -> BID NO. : 8/2/RNM0398
A2: =+works!A2 -> CONSTRUCTION OF THE MUNICIPAL VEHICLE POUND – WARD 17
A3: =+works!A3 -> RAY NKONYENI MUNICIPALITY
A5: Item | B5: Payment | C5: Item Description | D5: Unit | E5: Quantities | F5: Rate | G5: Amount
A6: number | B6: reference | G6: Rands.cents
B7: SANS | C7: =+archi16!C7 -> Schedule 19 continued
B8: 1 200 | C8: =+archi15!C8 -> Plumbing and drainage
A10: =+archi18!A61:G61 -> 37
C12: Class 1 copper pipes with capillary couplings
A13: 19.7.6 | C13: 15 mm pipes | D13: m | E13: 30
A14: 19.7.7 | C14: 22 mm pipes | D14: m | E14: 10
A15: 19.7.8 | C15: 15 mm pipes chased into brickwork including brown paper lagging | D15: m | E15: 25
A16: 19.7.9 | C16: 22 mm pipes chased into brickwork including brown paper lagging | D16: m | E16: 8
C17: Extra over Class 1 copper pipes with capillary fittings
A18: 19.7.10 | C18: 15 mm fittings | D18: no | E18: 14
A19: 19.7.11 | C19: 22 mm fittings | D19: no | E19: 4
C20: Sundries
A21: 19.7.12 | C21: 300 mm x 300 mm Cast iron stopcock box including brick chamber | D21: no | E21: 1
C22: below 750 mm deep internally
C23: Disinfecting
A24: 19.7.13 | C24: Disinfect water pipe system | D24: Item | E24: 1
C25: Testing
A26: 19.7.14 | C26: Test water pipe system | D26: Item | E26: 1
A28: 19.8 | C28: Electric water heater
C30: Kwikot
A31: 19.8.1 | C31: 150 Litre "Megaflow" wall mounted electric water heater | D31: no | E31: 1
A33: 19.9 | C33: Drip trays, etc
C35: 0.6 mm Galvanized sheet steel
A36: 19.9.1 | C36: 1800 mm x 1000 mm Drip tray for water heater, with 100 mm high upstand | D36: no | E36: 1
C37: all around with top edge bent over and with 20 mm threaded outlet union
A39: 19.10 | C39: Pipe insulation
C41: 25 mm Thick polyurethane foam pipe insulation
A42: 19.10.1 | C42: Insulation to 15 mm pipes including fittings | D42: m | E42: 30
A43: 19.10.2 | C43: Insulation to 22 mm pipes including fittings | D43: m | E43: 10
A45: 19.11 | C45: Holes etc
C47: Core drilling hole not exceeding 50 mm diameter
A48: 15.11.1 | C48: 100 mm concrete slab | D48: no | E48: 5
A49: 15.11.2 | C49: 220 mm brick wall | D49: no | E49: 9
C50: Core drilling hole exceeding 50 mm and not exceeding 100 mm diameter
A51: 15.11.3 | C51: 100 mm concrete slab | D51: no | E51: 5
A52: 15.11.4 | C52: 220 mm brick wall | D52: no | E52: 9
A59: =+archi20!A61:G61 -> 39
A61: =+archi18!A61:G61+1 -> 38

Sheet archi20
A1: =+works!A1 -> BID NO. : 8/2/RNM0398
A2: =+works!A2 -> CONSTRUCTION OF THE MUNICIPAL VEHICLE POUND – WARD 17
A3: =+works!A3 -> RAY NKONYENI MUNICIPALITY
A5: Item | B5: Payment | C5: Item Description | D5: Unit | E5: Quantities | F5: Rate | G5: Amount
A6: number | B6: reference | G6: Rands.cents
B7: SANS | C7: =+archi19!C7 -> Schedule 19 continued
B8: 1 200 | C8: =+archi15!C8 -> Plumbing and drainage
A10: =+archi19!A61:G61 -> 38
A12: 19.12 | C12: Rainwater drains
C14: 0.50 mm galvanized sheet metal rainwater gutter attached to roof trusses, zinc/
C15: aluminium alloy coated with corrosion inhibitive primer and high performance
C16: exhibitive "Silver-White" exterior finish.
C17: Pre-painted aluminium straps at 1000mm centres fixed to wall with nail plugs.
A18: 19.12.1 | C18: 125 mm x 85 mm domestic OGEE x 0,6mm ­ brackets fixed at 600mm | D18: m | E18: =ROUNDUP((29*2),0) -> 58
C19: centres
A20: 19.12.2 | C20: Stop ends are crimped onto the OGEE gutter and sealed on the inside with | D20: No | E20: 4
C21: Dow Corning 813 silicone sealer.
A22: 19.12.3 | C22: 75 mm x 50 mm x 0,6 mm rectangular outlet, attached to gutter | D22: No | E22: 12
A23: 19.12.4 | C23: 75 mm x 50 mm x 0,6 mm rectangular offset | D23: No | E23: =+E22 -> 12
A24: 19.12.5 | C24: 75 mm x 50 mm x 0,6 mm rectangular fluted downpipe, attached to brick | D24: No | E24: =+E22 -> 12
C25: wall with standard down pipe brackets for down pipe size (inclusive of fixing
C26: nails) 3300 mm long
A27: 19.12.6 | C27: 75 mm x 50 mm x 0,6 mm rectangular shoe outlet | D27: No | E27: =+E22 -> 12
A28: 19.12.7 | C28: 75 mm x 50 mm x 0,6 mm rectangular 90 degree connection units on | D28: No | E28: 4
C29: horizontal gutter
A59: =archi15!C7&" total carried to summary page" -> Schedule 19 total carried to summary page
A61: =+archi19!A61:G61+1 -> 39

Sheet archi21
A1: =+works!A1 -> BID NO. : 8/2/RNM0398
A2: =+works!A2 -> CONSTRUCTION OF THE MUNICIPAL VEHICLE POUND – WARD 17
A3: =+works!A3 -> RAY NKONYENI MUNICIPALITY
A5: Item | B5: Payment | C5: Item Description | D5: Unit | E5: Quantities | F5: Rate | G5: Amount
A6: number | B6: reference | G6: Rands.cents
B7: SANS | C7: Schedule 20
B8: 1 200 | C8: Glazing
C10: Supplementary preambles
C12: Float glass
C13: The term "float glass" is used for monolithic annealed glass
C14: Laminated glass
C15: Laminated glass to have polyvinyl butyral (PVB)
A17: 20.1 | C17: Glazing to steel with putty
C19: 4 mm clear float glass
A20: 20.1.1 | C20: Panes exceeding 0.1 m² and not exceeding 0.5 m² (including putty) | D20: m² | E20: =ROUNDUP((1.022*1.559*1+1.511*1.559*3+2*1.264*1),0) -> 12
C21: 4 mm obscure glass
A22: 20.1.2 | C22: Panes exceeding 0.1 m² and not exceeding 0.5 m² (including putty) | D22: m² | E22: =ROUNDUP((0.533*0.654*4+1.022*0.654*1),0) -> 3
C23: 5 mm "Pacific" obscure glass at guardhouse
A24: 20.1.3 | C24: Panes exceeding 0.1 m² and not exceeding 0.5 m² (including putty) | D24: m² | E24: 1
A26: 20.2 | C26: Tops, shelves, doors, mirrors, etc
C28: 6 mm silvered float glass copper backed mirrors with polished edges, holed
C29: for and fixed with chromium plated dome capped mirror screws with rubber
C30: buffers to plugs in brick works
A31: 20.2.2 | C31: Mirror 600 mm x 800 mm high with 6 mm screws | D31: no | E31: 3
A59: =+archi21!C7&" total carried to summary page" -> Schedule 20 total carried to summary page
A61: =+archi20!A61+1 -> 40

Sheet archi22
A1: =+works!A1 -> BID NO. : 8/2/RNM0398
A2: =+works!A2 -> CONSTRUCTION OF THE MUNICIPAL VEHICLE POUND – WARD 17
A3: =+works!A3 -> RAY NKONYENI MUNICIPALITY
A5: Item | B5: Payment | C5: Item Description | D5: Unit | E5: Quantities | F5: Rate | G5: Amount
A6: number | B6: reference | G6: Rands.cents
B7: SANS | C7: Schedule 21
B8: 1 200 | C8: Paintwork
C10: Paint specifications
C12: Painting, etc
C13: All painting shall be done in accordance with Plascon specifications unless
C14: otherwise described
C15: Colours, etc
C16: Unless otherwise described all paintwork shall be deemed to have colour
C17: value in excess of 7 on the Munsell System in accordance with SANS 1091
A19: 21.1 | C19: On plasterboard surfaces
C21: One coat alkali resistant primer and two coats PVA emulsion paint for interior
C22: use
A23: 21.1.1 | C23: Ceilings and cornices, including priming metal cover strips and nail heads | D23: m² | E23: =ROUNDUP(((3.86*3.895+3.86*2.93+3.86*2.895+1.81*3.786+1.81*3.895+1.81*5.075+3.855*1.93+3.855*1.86+3.855*4.99+3.855*3.03+1.895*1.93+1.13*2.11+3.667*1.81+3.667*1.81+5.097*2.93+5.097*3.03+9.252*1.715)*1.1),0)+ROUNDUP((0.45*0.2*2.03*2+0.2*0.2/2*2*2.03*2),0) -> 190
A25: 21.2 | C25: On fibre-cement board surfaces
C27: One coat alkali resistant primer and two coats superior quality acrylic
C28: emulsion paint for interior and exterior use
A29: 21.2.1 | C29: Ceilings and cornices, including priming metal cover strips and nail heads | D29: m² | E29: =+E23 -> 190
A30: 21.2.2 | C30: Fascia and barge boards, including priming metal jointing strips | D30: m² | E30: =ROUNDUP((0.23*44+0.25*41),0) -> 21
A32: 21.3 | C32: On metal surfaces
C34: One coat alkyd based zinc phosphate primer, one coat alkyd based universal
C35: undercoat and two coats of superior quality universal enamel paint on steel
A36: 21.3.1 | C36: Door frames | D36: m² | E36: =ROUNDUP(((0.877+2.064*2)*12*0.22),0) -> 14
A37: 21.3.2 | C37: Windows | D37: m² | E37: =ROUNDUP(((1.022*4+1.673*2+2.4*4+1.61*4+2.4*4+1.61*4+1.511*2+0.654*4+0.533*2+0.654*2+0.533*2+0.654*2+1.022*2+0.654*3+2*2+0.654*4+1.022*2+1.245*4+1.022*2+1.245*4+1.511*2*2+1.54*4*2+1.022*2*2+0.654*3*2)*0.1),0) -> 11
A38: 21.3.3 | C38: Gates, grilles, burglar screens, balustrades, etc (both sides measured over | D38: m² | E38: =ROUNDUP(((0.877+2.064*2)*5*0.22),0) -> 6
C39: the full flat area)
A40: 21.3.4 | C40: "Xpanda" sliding security gate | D40: m² | E40: 1
A42: 21.4 | C42: On wood surfaces
C44: One coat primer, one coat alkyd based universal undercoat and two coats of
C45: superior quality universal enamel paint
A46: 21.4.1 | C46: Doors | D46: m² | E46: =ROUNDUP((0.813*2.032*12*2),0) -> 40
A47: 21.4.2 | C47: Roof timbers at eaves and verges | D47: m² | E47: 19
A49: 21.5 | C49: Paint on floated plaster
C51: Prepare and apply one coat plaster primer, one coat universal undercoat and
C52: two coats of Plascon Wall and All or similar approved enamel paint
A53: 21.5.1 | C53: On internal walls | D53: m² | E53: =ROUNDUP(((10.92+3.86*4+15.06+15.025+8.35+13.095+8.16+3.855*3+1.81+9.252+5.097*2+3.667+2.73+4.22)*2.8*2),0)-ROUNDUP((1.8*0.9*3+0.9*2.1*17+1.5*2.7+2.4*2.7*2+4.455*2.7*2+1.5*0.9+0.6*0.9*4+2.7*1.2*2+1.1*0.9+3.855+5.097),0)+ROUNDUP((2*2.8*1.5*2),0) -> 645
A59: =+archi22!C7&" total carried to summary page" -> Schedule 21 total carried to summary page
A61: =+archi21!A61:G61+1 -> 41

Sheet archi23
A1: =+works!A1 -> BID NO. : 8/2/RNM0398
A2: =+works!A2 -> CONSTRUCTION OF THE MUNICIPAL VEHICLE POUND – WARD 17
A3: =+works!A3 -> RAY NKONYENI MUNICIPALITY
A5: Item | B5: Payment | C5: Item Description | D5: Unit | E5: Quantities | F5: Rate | G5: Amount
A6: number | B6: reference | G6: Rands.cents
B7: SANS | C7: Schedule 22
B8: 1 200 | C8: Electrical installation
C10: Supplementary preambles
C12: Specifications, etc
C13: Tenderers are referred to the specification numbered annexed to these bills of
C14: quantities for the electrical work, for the full descriptions of the following items
C15: which are to be read and priced in conjunction with the said specifications
C16: General notes
C17: The conditions of contract and the application of the Contract Price
C18: Adjustment provisions shall be set out in Section 1 : Preliminaries
C19: The description in these bills of quantities shall be read in conjunction with
C20: the specification
C21: The rate for each item in the bills of quantities shall include for all materials,
C22: labour, profit, transport, etc., everything necessary for the execution and
... C29: South African manufacture
A31: 22.1 | C31: All works of electrical nature
A33: 22.1.1 | C33: Provisional sum for all electrical installations, connection, fittings etc. | D33: Prov | E33: 1 | F33: 110000 | G33: =+E33*F33 -> 110000
C34: (this includes all appliances, plugs, switches, cablings, luminaries, earthing,
C35: switchboards, testing, commissioning, etc.)
A37: 22.1.2 | C37: Provisional sum for high mast floodlights | D37: Prov | E37: 1 | F37: 165000 | G37: =+E37*F37 -> 165000
A59: =archi23!C7&" total carried to summary page" -> Schedule 22 total carried to summary page
A61: =+archi22!A61:G61+1 -> 42

Sheet archi24
A1: =+works!A1 -> BID NO. : 8/2/RNM0398
A2: =+works!A2 -> CONSTRUCTION OF THE MUNICIPAL VEHICLE POUND – WARD 17
A3: =+works!A3 -> RAY NKONYENI MUNICIPALITY
A5: Item | B5: Payment | C5: Item Description | D5: Unit | E5: Quantities | F5: Rate | G5: Amount
A6: number | B6: reference | G6: Rands.cents
B7: SANS | C7: Schedule 23
B8: 1 200 | C8: Mechanical installation
C10: Supplementary preambles
A12: 23.1 | C12: All works of mechanical nature
A14: 23.1.1 | C14: Provisional sum for all mechanical installations, connection, fittings etc. | D14: Prov | E14: 1 | F14: 71500 | G14: =+E14*F14 -> 71500
A59: =C7&" total carried to summary page" -> Schedule 23 total carried to summary page
A61: =+archi23!A61:G61+1 -> 43

Sheet archi25
A1: =+works!A1 -> BID NO. : 8/2/RNM0398
A2: =+works!A2 -> CONSTRUCTION OF THE MUNICIPAL VEHICLE POUND – WARD 17
A3: =+works!A3 -> RAY NKONYENI MUNICIPALITY
A5: Item | B5: Payment | C5: Item Description | D5: Unit | E5: Quantities | F5: Rate | G5: Amount
A6: number | B6: reference | G6: Rands.cents
B7: SANS | C7: Schedule 24
B8: 1 200 | C8: External works
C10: Roads and paved areas
A12: 24.1 | C12: Earthworks
C14: Excavating over site to reduce levels
A15: 24.1.1 | C15: Average depth 80 mm | D15: m² | E15: 670
C16: Filling in making up levels with imported material
A17: 24.1.2 | C17: Levels to be determined on site | D17: m² | E17: =+E15 -> 670
C18: Compaction
A19: 24.1.3 | C19: Compact all areas where material has been excavated or backfilled as well as | D19: m² | E19: =+E15 -> 670
C20: the total area to receive paving to 95MOD AASHTO density
C21: Sand fill
A22: 24.1.4 | C22: 20 mm layer of sand layer over the entire area to be paved | D22: m² | E22: =+E15 -> 670
C23: Laying of paving blocks
A24: 24.1.5 | C24: Lay grey zig-zag type 30 mPa strength 60 mm type S-A road paving blocks | D24: m² | E24: =+E15 -> 670
C25: on the 20 mm sand bedding
C26: Constraining edges from concrete
A27: 24.1.6 | C27: Figure 1 - rectangular curbs on straight/curving lines at connection to existing | D27: m | E27: =25*5+26*1+30*1 -> 181
C28: road surfaces or where the drawings indicate (rate cover the cutting of
A29: 24.1.7 | C29: Cutting of paving blocks
C30: Cutting of paving blocks along edge beam to fit, rate shall include any | D30: m | E30: =ROUNDUP((E27/2),0) -> 91
C31: concrete filling as required
A59: =+archi25!C7&" total carried to summary page" -> Schedule 24 total carried to summary page
A61: =+archi24!A61+1 -> 44

Sheet sum
A1: =+works!A1 -> BID NO. : 8/2/RNM0398
A2: =+works!A2 -> CONSTRUCTION OF THE MUNICIPAL VEHICLE POUND – WARD 17
A3: =+works!A3 -> RAY NKONYENI MUNICIPALITY
A5: Summary of the Schedule of Quantities
A7: =+'pg1'!C7 -> Schedule 1 | B7: =+'pg1'!C8 -> Preliminary and general
A8: =+'ohs1'!C7 -> Schedule 2 | B8: =+'ohs1'!C8 -> Occupational health and safety requirements
A9: =+'wt1'!C7 -> Schedule 3 | B9: =+'wt1'!C8 -> Water pipe - earthworks
A10: =+'wm1'!C7 -> Schedule 4 | B10: =+'wm1'!C8 -> Water pipes and accessories
A11: =+'st1'!C7 -> Schedule 5 | B11: =+'st1'!C8 -> Sewer pipe - earthworks
A12: =+'sm1'!C7 -> Schedule 6 | B12: =+'sm1'!C8 -> Sewer pipes and accessories
A13: =+main1!C7 -> Schedule 7 | B13: =+main1!C8 -> Foundations, columns etc. for main building
A14: =+guard1!C7 -> Schedule 8 | B14: =+guard1!C8 -> Foundations for guard building
A15: =+archi1!C7 -> Schedule 9 | B15: =+archi1!C8 -> Architectural details - Masonry
A16: =+archi2!C7 -> Schedule 10 | B16: =+archi2!C8 -> Waterproofing
A17: =+archi3!C7 -> Schedule 11 | B17: =+archi3!C8 -> Roof coverings
A18: =+archi4!C7 -> Schedule 12 | B18: =+archi4!C8 -> Carpentry and joinery
A19: =+archi7!C7 -> Schedule 13 | B19: =+archi7!C8 -> Ceiling partitions and access flooring
A20: =+archi8!C7 -> Schedule 14 | B20: =+archi8!C8 -> Floor coverings, wall linings etc
A21: =+archi9!C7 -> Schedule 15 | B21: =+archi9!C8 -> Ironmongery
A22: =+archi10!C7 -> Schedule 16 | B22: =+archi10!C8 -> Metalworks
A23: =+archi12!C7 -> Schedule 17 | B23: =+archi12!C8 -> Plastering
A24: =+archi14!C7 -> Schedule 18 | B24: =+archi14!C8 -> Tiling
A25: =+archi15!C7 -> Schedule 19 | B25: =+archi15!C8 -> Plumbing and drainage
A26: =+archi21!C7 -> Schedule 20 | B26: =+archi21!C8 -> Glazing
A27: =+archi22!C7 -> Schedule 21 | B27: =+archi22!C8 -> Paintwork
A28: =+archi23!C7 -> Schedule 22 | B28: =+archi23!C8 -> Electrical installation
A29: =+archi24!C7 -> Schedule 23 | B29: =+archi24!C8 -> Mechanical installation
A30: =+archi25!C7 -> Schedule 24 | B30: =+archi25!C8 -> External works
A32: Sub - total : Construction value - SECTION A
A44: =+archi25!A61+1 -> 45
